 Dungeon Crawl Stone Soup version 0.31-a0-1-g4198be8af4 (webtiles) character file.

Game seed: 17356910229036533494

6418749 Jeffwins the Pyromancer (level 27, 214/214 HPs)
             Began as a Human Wanderer on Apr 30, 2023.
             Was an Initiate of Gozag.
             Escaped with the Orb
             ... and 10 runes on May 1, 2023!
             The game lasted 06:27:07 (123509 turns).

Jeffwins the Pyromancer (Human Wanderer)          Turns: 123509, Time: 06:27:07

Health: 214/214    AC: 40    Str: 22    XL:     27
Magic:  56/56      EV: 15    Int: 44    God:    Gozag
Gold:   728        SH: 18    Dex: 18    Spells: 1/74 levels left

rFire   + + +        n - staff of fire "Fazuod" {rF+ Int+7 SInv}
rCold   + + +        x - +2 shield of Resistance {rF++ rC++ Will++}
rNeg    + + .        P - +10 storm dragon scales of Nacza {rElec Str+3 Stlth+}
rPois   .            L - +3 hat of Pondering {ponderous, Will+ MP+10 Int+5}
rElec   +            e - +2 cloak of the Thief {*Fog Slay-2 SInv Stlth+}
rCorr   +            q - +0 pair of gloves {Stlth+}
SInv    +            h - +3 pair of mountain boots {steadfast, rC+}
Will    +++++        g - amulet of Fucolaf {Harm rN++ Will+ Regen+ Stlth+}
Stlth   +++          Y - ring of Fean {Str+3 Int+5 Dex+6}
HPRegen 1.35/turn    f - ring "Vixucs" {Wiz rCorr Int+3}
MPRegen 0.35/turn

%: harm (+30% outgoing, +20% incoming), wizardry (x1)
@: studying 2 skills, slow
A: low MP 1, sturdy frame 1
0: Orb of Zot
}: 10/15 runes: decaying, serpentine, slimy, silver, abyssal, demonic, glowing,
magical, fiery, dark
a: Renounce Religion, Potion Petition, Call Merchant, Bribe Branch


You escaped.
You worshipped Gozag.
Gozag was pleased with you.
You visited 13 branches of the dungeon, and saw 57 of its levels.
You visited Pandemonium 1 time, and saw 17 of its levels.
You visited the Abyss 5 times.
You completed 1 ziggurat, and saw 27 of its levels.
You also visited: Gauntlet and Ice Cave.

You collected 13370 gold pieces.
You spent 1411 gold pieces at shops.
You donated 5586 gold pieces to Zin.
You paid 5645 gold pieces to Gozag.


Innate Abilities, Weirdness & Mutations

Your magical capacity is low. (-10% MP)
Your movements are slightly less encumbered by armour. (ER -2)


   Skills:
 - Level 17.0 Fighting
 - Level 12.0(13.2) Maces & Flails
 - Level 3.0(6.4) Polearms
 - Level 9.1(12.0) Staves
 - Level 6.0 Throwing
 + Level 16.7 Armour
 - Level 12.0 Dodging
 - Level 12.0 Stealth
 + Level 20.2 Shields
 * Level 24.1 Spellcasting
 * Level 24.8 Conjurations
 - Level 14.0 Necromancy
 - Level 10.0 Transmutations
 * Level 24.9 Fire Magic
 * Level 18.3 Ice Magic
 - Level 18.0 Air Magic
 * Level 18.1 Earth Magic
 - Level 8.0 Poison Magic
 - Level 12.0 Evocations


You had one spell level left.
You knew the following spells:

 Your Spells              Type           Power      Damage    Failure   Level
a - Ozocubu's Refrigerat  Ice            60%        4d20      1%          7
c - Fire Storm            Conj/Fire      79%        8d20      1%          9
l - Lee's Rapid Deconstr  Erth           59%        3d27*     0%          5
n - Dispel Undead         Necr           100%       3d31      1%          4
o - Apportation           Tloc           100%       N/A       1%          1
s - Maxwell's Capacitive  Air            59%        ∞         1%          8
t - Ignition              Fire           79%        3d21      1%          8
v - Iron Shot             Conj/Erth      63%        9d12      1%          6
x - Ignite Poison         Fire/Tmut/Pois 100%       N/A       0%          3
z - Poisonous Vapours     Pois/Air       100%       N/A       0%          2
I - Blink                 Tloc           100%       N/A       1%          2
S - Shatter               Erth           59%        3d44*     26%         9
Y - Polar Vortex          Ice            60%        N/A       26%         9

Your spell library contained the following spells:

 Spells                   Type           Power      Damage    Failure   Level
 Beastly Appendage        Tmut           100%       N/A       0%          1
 Foxfire                  Conj/Fire      100%       2x1d9     0%          1
 Freeze                   Ice            100%       1d10      0%          1
 Kiss of Death            Conj/Necr      100%       2d13      0%          1
 Magic Dart               Conj           100%       1d8       0%          1
 Necrotise                Necr           100%       1d9       0%          1
 Sandblast                Erth           100%       2d20      0%          1
 Shock                    Conj/Air       100%       1d9       0%          1
 Slow                     Hex            100%       N/A       1%          1
 Sting                    Tmut/Pois      100%       1d8       1%          1
 Summon Small Mammal      Summ           100%       N/A       1%          1
 Cigotuvi's Dreadful Rot  Necr/Pois/Air  100%       N/A       0%          2
 Momentum Strike          Conj/Tloc      100%       3d10      0%          2
 Passwall                 Tmut/Erth      90%        N/A       0%          2
 Scorch                   Fire           100%       2d9       0%          2
 Searing Ray              Conj           100%       2d8       0%          2
 Static Discharge         Conj/Air       100%       2-7/arc   0%          2
 Sublimation of Blood     Necr           100%       N/A       0%          2
 Dazzling Flash           Conj/Hex       100%       N/A       0%          3
 Frozen Ramparts          Ice            100%       1d16      0%          3
 Hailstorm                Conj/Ice       100%       3d20      0%          3
 Inner Flame              Hex/Fire       100%       N/A       0%          3
 Mephitic Cloud           Conj/Pois/Air  100%       N/A       0%          3
 Ozocubu's Armour         Ice            100%       N/A       0%          3
 Stone Arrow              Conj/Erth      100%       3d13      0%          3
 Swiftness                Air            100%       N/A       0%          3
 Vampiric Draining        Necr           100%       2d13      0%          3
 Volatile Blastmotes      Fire/Tloc      100%       2d18      0%          3
 Airstrike                Air            59%        2d(9-25)  0%          4
 Flame Wave               Conj/Fire      100%       2d21      0%          4
 Sticky Flame             Conj/Fire      100%       2d11      0%          4
 Arcjolt                  Conj/Air       63%        1d73      0%          5
 Fireball                 Conj/Fire      79%        3d29      0%          5
 Freezing Cloud           Conj/Ice/Air   62%        6-21      0%          5
 Iskenderun's Battlesphe  Conj           100%       2d15      0%          5
 Starburst                Conj/Fire      79%        6d20      0%          6
 Call Imp                 Summ           100%       N/A       1%          2
 Ensorcelled Hibernation  Hex/Ice        100%       N/A       1%          2
 Lesser Beckoning         Tloc           100%       N/A       1%          2
 Wereblood                Tmut           96%        N/A       1%          2
 Call Canine Familiar     Summ           52%        N/A       1%          3
 Confusing Touch          Hex            52%        N/A       1%          3
 Gell's Gravitas          Tloc           52%        N/A       1%          3
 Portal Projectile        Hex/Tloc       100%       N/A       1%          3
 Spider Form              Tmut/Pois      93%        N/A       1%          3
 Summon Guardian Golem    Hex/Summ       52%        N/A       1%          3
 Teleport Other           Tloc           52%        N/A       1%          3
 Tukima's Dance           Hex            52%        N/A       1%          3
 Vhi's Electric Charge    Tloc/Air       100%       N/A       1%          3
 Anguish                  Hex/Necr       42%        N/A       1%          4
 Animate Armour           Summ/Erth      100%       N/A       1%          4
 Fulminant Prism          Conj/Hex       52%        3d23      1%          4
 Ice Form                 Ice/Tmut       100%       N/A       1%          4
 Iskenderun's Mystic Bla  Conj/Tloc      100%       2d19      1%          4
 Leda's Liquefaction      Hex/Erth       46%        N/A       1%          4
 Olgreb's Toxic Radiance  Pois           89%        N/A       1%          4
 Petrify                  Tmut/Erth      100%       N/A       1%          4
 Summon Ice Beast         Ice/Summ       93%        N/A       1%          4
 Summon Lightning Spire   Summ/Air       93%        N/A       1%          4
 Agony                    Necr           100%       N/A       1%          5
 Alistair's Intoxication  Tmut/Pois      62%        N/A       1%          5
 Blade Hands              Tmut           48%        N/A       1%          5
 Borgnjor's Vile Clutch   Necr/Erth      57%        N/A       1%          5
 Irradiate                Conj/Tmut      58%        3d31      1%          5
 Metabolic Englaciation   Hex/Ice        46%        N/A       1%          5
 Silence                  Hex/Air        46%        N/A       1%          5
 Yara's Violent Unravell  Hex/Tmut       38%        3d15      1%          5
 Conjure Ball Lightning   Conj/Air       63%        3x3d23    1%          6
 Death Channel            Necr           54%        N/A       1%          6
 Eringya's Noxious Bog    Tmut/Pois      46%        N/A       1%          6
 Plasma Beam              Fire/Air       76%        2x1d102   1%          6
 Statue Form              Tmut/Erth      72%        N/A       1%          6
 Orb of Destruction       Conj           67%        9d16      1%          7
 Storm Form               Tmut/Air       54%        N/A       1%          7
 Lehudib's Crystal Spear  Conj/Erth      63%        10d15     1%          8
 Spellforged Servitor     Conj/Summ      52%        N/A       2%          7
 Cause Fear               Hex            26%        N/A       4%          4
 Manifold Assault         Tloc           52%        N/A       4%          4
 Passage of Golubria      Tloc           52%        N/A       4%          4
 Dragon Form              Tmut           48%        N/A       7%          7
 Chain Lightning          Conj/Air       63%        3d84      8%          9
 Borgnjor's Revivificati  Necr           54%        N/A       11%         8
 Infestation              Necr           54%        N/A       11%         8
 Haunt                    Necr/Summ      42%        N/A       22%         7
 Dispersal                Tloc           26%        N/A       56%         6
 Summon Cactus Giant      Summ           26%        N/A       56%         6
 Enfeeble                 Hex            26%        N/A       98%         7
 Malign Gateway           Summ/Tloc      26%        N/A       98%         7
 Summon Hydra             Summ           26%        N/A       98%         7
 Discord                  Hex            26%        N/A       100%        8
 Disjunction              Tloc           26%        N/A       100%        8
 Dragon's Call            Summ           26%        N/A       100%        9
 Animate Dead             Necr           Unusable   N/A       N/A         4
 Simulacrum               Ice/Necr       Unusable   N/A       N/A         6

Inventory:

Hand Weapons
 a - a +9 sacred scourge of holy wrath
 l - the +6 broad axe "Ycwesk" {freeze, Will+++ Str+4 Stlth-}
   (You found it on level 15 of a ziggurat)

   Str:       It affects your strength (+4).
   Will:      It greatly increases your willpower.
   Stlth:     It makes you less stealthy.
 U - the +7 lajatang of Order {silver, rMut}
   (You found it on level 25 of a ziggurat)

   rMut:      It protects you from mutation.
Armour
 e - the +2 cloak of the Thief (worn) {*Fog Slay-2 SInv Stlth+}
   (You found it in a Gauntlet)

   *Fog:      It may release a thick cloud of smoke when the wearer is hurt.
   Slay:      It affects your accuracy & damage with ranged weapons and melee
   (-2).
   SInv:      It lets you see invisible.
   Stlth:     It makes you more stealthy.
 h - the +3 pair of mountain boots (worn) {steadfast, rC+}
   (You found it in a Gauntlet)

   Steadfast: It prevents involuntary movement, except for blinking,
   teleportation, or banishment.
   rC:        It protects you from cold.
 q - a +0 pair of gloves of stealth (worn)
 x - the +2 shield of Resistance (worn) {rF++ rC++ Will++}
   (You acquired it on level 5 of the Dungeon)

   rF:        It greatly protects you from fire.
   rC:        It greatly protects you from cold.
   Will:      It greatly increases your willpower.
 B - the +5 ring mail of the Candlemaker {MP+9 Int+3 Dex+5}
   (You found it on level 5 of the Pits of Slime)

   Int:       It affects your intelligence (+3).
   Dex:       It affects your dexterity (+5).
   MP:        It affects your magic capacity (+9).
 L - the +3 hat of Pondering (worn) {ponderous, Will+ MP+10 Int+5}
   (You found it on level 23 of a ziggurat)

   Int:       It affects your intelligence (+5).
   MP:        It affects your magic capacity (+10).
   Will:      It increases your willpower.
 P - the +10 storm dragon scales of Nacza (worn) {rElec Str+3 Stlth+}
   (You found it on level 5 of the Vaults)

   Str:       It affects your strength (+3).
   rElec:     It insulates you from electricity.
   Stlth:     It makes you more stealthy.
 R - the +8 orange crystal plate armour {Archmagi, Int+3 Clar}
   (You found it on level 5 of the Vaults)

   Int:       It affects your intelligence (+3).
   Clar:      It protects you from confusion, rage, mesmerisation and fear.
Magical Staves
 b - the staff of fire "Etzealou" {Fly rF+ Will+ MP+9}
   (You found it on level 3 of the Elven Halls)

   [staff of fire]

   Base accuracy: +5 Base damage: 5 Base attack delay: 1.2 This weapon's minimum
   attack delay (0.6) is reached at skill level 12.
   rF:        It protects you from fire.
   MP:        It affects your magic capacity (+9).
   Fly:       It grants you flight.
   Will:      It increases your willpower.
   It falls into the 'Staves' category.
   It is a one-handed weapon.
 n - the staff of fire "Fazuod" (weapon) {rF+ Int+7 SInv}
   (You found it on level 23 of a ziggurat)

   [staff of fire]

   Base accuracy: +5 Base damage: 5 Base attack delay: 1.2 This weapon's minimum
   attack delay (0.6) is reached at skill level 12.
   Int:       It affects your intelligence (+7).
   rF:        It protects you from fire.
   SInv:      It lets you see invisible.
   It falls into the 'Staves' category.
   It is a one-handed weapon.
 F - the staff of fire "Ofrim" {rPois rF+ MP+9 Stlth+}
   (You found it on level 10 of a ziggurat)

   [staff of fire]

   Base accuracy: +5 Base damage: 5 Base attack delay: 1.2 This weapon's minimum
   attack delay (0.6) is reached at skill level 12.
   rF:        It protects you from fire.
   rPois:     It protects you from poison.
   MP:        It affects your magic capacity (+9).
   Stlth:     It makes you more stealthy.
   It falls into the 'Staves' category.
   It is a one-handed weapon.
 X - the staff of earth "Cuextar" {Contam rC- MP+9 Str+9}
   (You found it on level 25 of a ziggurat)

   [staff of earth]

   Base accuracy: +5 Base damage: 5 Base attack delay: 1.2 This weapon's minimum
   attack delay (0.6) is reached at skill level 12.
   Str:       It affects your strength (+9).
   rC:        It makes you vulnerable to cold.
   MP:        It affects your magic capacity (+9).
   Contam:    It causes magical contamination when unequipped.
   It falls into the 'Staves' category.
   It is a one-handed weapon.
Jewellery
 c - the amulet of Lerib {RegenMP rC++}
   (You took it off Louise on level 3 of the Elven Halls)

   [amulet of magic regeneration]

   It increases your rate of magic regeneration.
   rC:        It greatly protects you from cold.
 f - the ring "Vixucs" (right hand) {Wiz rCorr Int+3}
   (You found it on level 21 of a ziggurat)

   [ring of wizardry]

   It improves your spell success rate.
   Int:       It affects your intelligence (+3).
   rCorr:     It protects you from acid and corrosion.
 g - the amulet of Fucolaf (around neck) {Harm rN++ Will+ Regen+ Stlth+}
   (You found it on level 23 of a ziggurat)

   [amulet of regeneration]

   rN:        It greatly protects you from negative energy.
   Regen:     It increases your rate of health regeneration.
   Harm:      It increases damage dealt and taken.
   Will:      It increases your willpower.
   Stlth:     It makes you more stealthy.
 t - a ring of Brawling {rElec rPois Dex+3}
   (You took it off a deep elf archer on level 1 of the Elven Halls)

   [ring of poison resistance]

   Dex:       It affects your dexterity (+3).
   rElec:     It insulates you from electricity.
   rPois:     It protects you from poison.
 w - the ring of Ynkeda {rPois rC+ rCorr Str+3}
   (You found it on level 8 of a ziggurat)

   [ring of resist corrosion]

   Str:       It affects your strength (+3).
   rC:        It protects you from cold.
   rPois:     It protects you from poison.
   rCorr:     It protects you from acid and corrosion.
 D - the ring "Bashonta" {Fly rF+ rC+ rN+ Int+3}
   (You found it on level 1 of the Crypt)

   [ring of positive energy]

   Int:       It affects your intelligence (+3).
   rF:        It protects you from fire.
   rC:        It protects you from cold.
   rN:        It protects you from negative energy.
   Fly:       It grants you flight.
 E - the amulet of Husular {Reflect Int+5 SH+5}
   (You found it on level 3 of the Elven Halls)

   [amulet of reflection]

   It reflects blocked missile attacks.
   Int:       It affects your intelligence (+5).
   SH:        It affects your SH (+5).
 Y - the ring of Fean (left hand) {Str+3 Int+5 Dex+6}
   (You took it off a deep elf high priest on level 5 of the Vaults)

   [ring of dexterity]

   Str:       It affects your strength (+3).
   Int:       It affects your intelligence (+5).
   Dex:       It affects your dexterity (+6).
 Z - the ring of Vesock {rN+ Str+4 Int+4}
   (You found it on level 3 of the Crypt)

   [ring of positive energy]

   Str:       It affects your strength (+4).
   Int:       It affects your intelligence (+4).
   rN:        It protects you from negative energy.
Wands
 i - a wand of mindburst (37)
 G - a wand of digging (62)
 J - a wand of charming (143)
 K - a wand of iceblast (104)
 M - a wand of acid (44)
Scrolls
 d - 18 scrolls of poison {!r}
 m - 15 scrolls of magic mapping
 r - 6 scrolls of teleportation {@r4}
 s - 7 scrolls of fear
 u - 2 scrolls of blinking
 A - 18 scrolls of fog
 N - 17 scrolls of vulnerability {!r}
 Q - 13 scrolls of amnesia
 W - 10 scrolls of immolation {!r}
Potions
 o - 4 potions of haste {@q3}
 p - 10 potions of curing {@q1}
 v - 5 potions of mutation {!q}
 z - 13 potions of brilliance
 C - 6 potions of ambrosia
 I - 4 potions of might
 S - 11 potions of heal wounds {@q2}
 T - 6 potions of resistance
 V - 14 potions of cancellation
Miscellaneous
 j - a +1 figurine of a ziggurat
 k - a lightning rod (4/4)
 y - a box of beasts
 H - a phantom mirror
 O - a phial of floods (inert)

Dungeon Overview and Level Annotations

Branches:
Dungeon (15/15)            Temple (1/1) D:7            Lair (5/5) D:8
  Swamp (4/4) Lair:2        Snake (4/4) Lair:2        Slime (5/5) Lair:5
    Orc (2/2) D:10            Elf (3/3) Orc:2        Vaults (5/5) D:13
  Crypt (3/3) Vaults:3       Tomb (0/3) Crypt:3      Depths (4/4) D:15
   Hell (visited)             Dis (0/7) Hell            Geh (0/7) Hell
    Coc (0/7) Hell            Tar (0/7) Hell            Zot (5/5) Depths:4
  IceCv (visited)         Gauntlet (visited)

Altars:
Ashenzari
Cheibriados
Dithmenos
Elyvilon
Fedhas
Gozag
Hepliaklqana
Kikubaaqudgha
Makhleb
Nemelex Xobeh
Okawaru
Qazlal
Ru
Sif Muna
Trog
Uskayaw
Vehumet
Wu Jian
Xom
Yredelemnul
Zin
The Shining One

Shops:
D:8 !   D:10 *=[   Orc:1 ?   Orc:2 (*:[   Vaults:1 [[   Vaults:2 (   Depths:1 *

Portals:
Hell: Depths:1 Depths:2 Depths:3 Depths:4
Abyss: Depths:3
Pandemonium: Depths:1 Depths:2 Depths:4

Annotations:
Zot:1 6 transporters

#...>....###...........÷...#
#.............####..#.#....#
#........###.#.###..#...#..#
#..##.#..##.###.##..###.#..###
####.....)....## ##.#..#
#.......
............##▒#▒#▒##..#
###..###
÷####.##.##.#▒.....▒#..# #..# .#
#.##.#...#.....#...# #..# .#
#.##.#...+..@..'...#####..#
.####.##.#..##.....#..........#
............#▒.....▒..######.###
#####.##.#.###▒#▒#▒#...........#
#.##.........# #.#########.#
#............# #.# #.#
######.#####.# #.# #.# ## #.#
#.# #.# #.# .# #.#####.###.#
#####.#


There were no monsters in sight!


Message History

Unknown command.
A demonspawn black sun comes into view. It is wielding a +0 dire flail.
The demonspawn black sun moves out of view.
Unknown command.
You can't go up here!
Unknown command.
Things that are here:
a +0 robe; a +0 dagger; a +0 hand axe
Items here: )))) [[[.
There is a stone staircase leading up here.
Magic restored.
You climb upwards.
There is a stone staircase leading down here.
Unknown command.
There is a stone staircase leading up here.
You climb upwards.
There is a stone staircase leading down here.
Unknown command.
There is an open door here.
There is an open door here.
There is a stone staircase leading up here.
You climb upwards.
There is a stone staircase leading down here.
Unknown command.
There is a stone staircase leading up here.
You climb upwards.
There is a stone staircase leading down here.
There is an open door here.
There is a staircase leading out of the dungeon here.
You have escaped!

Skill      XL: |  1  2  3  4  5  6  7  8  9 10 11 12 13 14 15 16 17 18 19 20 21 22 23 24 25 26 27 |
---------------+----------------------------------------------------------------------------------+-----
Ice Magic      | 2 3 4 5 6 7 8 9 10 11 12 18 | 18.3
Stealth        | 1 2 3 4 5 6 7 8 9 10 11 12 | 12.0
Spellcasting   | 2 3 4 5 6 7 8 9 10 11 12 13 14 15 24 | 24.1
Polearms       | 3 |  3.0
Maces & Flails | 1 2 3 4 5 6 7 8 9 10 11 12 | 12.0
Evocations     | 1 2 3 4 5 6 7 8 9 10 11 12 | 12.0
Earth Magic    | 3 4 5 6 7 8 9 10 11 12 18 | 18.1
Shields        | 1 2 3 4 5 6 7 8 9 10 11 12 13 20 | 20.2
Poison Magic   | 1 2 3 4 5 6 7 8 |  8.0
Conjurations   | 3 4 5 6 7 8 9 10 11 12 13 14 15 24 | 24.8
Transmutations | 3 4 5 6 7 8 9 10 | 10.0
Fire Magic     | 3 4 5 6 7 8 9 10 11 12 13 14 15 24 | 24.9
Air Magic      | 2 4 5 6 7 8 9 10 18 | 18.0
Armour         | 2 3 4 5 6 7 8 9 10 16 | 16.7
Necromancy     | 1 3 5 6 7 8 9 10 11 14 | 14.0
Dodging        | 1 2 3 4 5 6 7 8 9 12 | 12.0
Throwing       | 1 4 5 6 |  6.0
Fighting       | 6 7 8 9 10 17 | 17.0
Staves         | 9 |  9.1

Action                     |  1- 3 |  4- 6 |  7- 9 | 10-12 | 13-15 | 16-18 | 19-21 | 22-24 | 25-27 || total
---------------------------+-------+-------+-------+-------+-------+-------+-------+-------+-------++-------
  Melee: Spear             |    72 |    27 |       |       |       |       |       |       |       ||    99
         Unarmed           |       |    19 |       |       |       |       |       |       |       ||    19
         Whip              |       |    50 |   191 |   655 |   375 |   218 |   255 |    79 |   132 ||  1955
         Falchion          |       |       |       |       |       |       |       |       |    80 ||    80
         Staff             |       |       |       |       |       |       |       |       |   178 ||   178
         Sacred scourge    |       |       |       |       |       |       |       |       |   809 ||   809
  Throw: Dart              |       |     1 |       |       |       |       |       |       |       ||     1
   Cast: Freeze            |     2 |     3 |       |       |       |       |       |       |       ||     5
         Frozen Ramparts   |       |     6 |    12 |    17 |     4 |       |       |       |       ||    39
         Poisonous Vapours |       |       |       |    63 |   262 |   228 |   177 |   295 |   632 ||  1657
         Ignite Poison     |       |       |       |    18 |   125 |   171 |   155 |   254 |   512 ||  1235
         Scorch            |       |       |       |    10 |    15 |       |       |       |       ||    25
         Foxfire           |       |       |       |     6 |    12 |       |       |       |       ||    18
         Lee's Rapid Decon |       |       |       |     5 |    33 |     4 |     7 |    17 |    27 ||    93
         Freezing Cloud    |       |       |       |       |    27 |    25 |   129 |    42 |    31 ||   254
         Olgreb's Toxic Ra |       |       |       |       |     7 |    41 |    22 |    48 |     4 ||   122
         Iron Shot         |       |       |       |       |       |    58 |    88 |    88 |  1157 ||  1391
         Plasma Beam       |       |       |       |       |       |       |   100 |    63 |   145 ||   308
         Dispel Undead     |       |       |       |       |       |       |       |    39 |   291 ||   330
         Orb of Destructio |       |       |       |       |       |       |       |    64 |   149 ||   213
         Ignition          |       |       |       |       |       |       |       |       |   226 ||   226
         Ozocubu's Refrige |       |       |       |       |       |       |       |       |   183 ||   183
         Maxwell's Capacit |       |       |       |       |       |       |       |       |   218 ||   218
         Fire Storm        |       |       |       |       |       |       |       |       |    51 ||    51
         Shatter           |       |       |       |       |       |       |       |       |     1 ||     1
 Invoke: Call Merchant     |       |       |       |       |       |       |       |       |     2 ||     2
         Donate Gold       |       |       |       |       |       |       |       |       |     1 ||     1
  Evoke: Wand              |       |       |       |     9 |       |     1 |     2 |    16 |    45 ||    73
         Box of beasts     |       |       |       |     2 |       |     2 |     1 |     2 |     2 ||     9
         Phantom mirror    |       |       |       |       |     1 |     1 |       |     1 |     2 ||     5
         Condenser vane    |       |       |       |       |       |     1 |     1 |     1 |     6 ||     9
         Phial of floods   |       |       |       |       |       |     1 |     1 |     1 |     4 ||     7
         Lightning rod     |       |       |       |       |       |       |       |       |    13 ||    13
         Horn of Geryon    |       |       |       |       |       |       |       |       |     2 ||     2
    Use: Potion            |       |     5 |       |    11 |     1 |     7 |     1 |       |    99 ||   124
         Scroll            |       |       |    10 |    11 |    10 |    11 |     4 |    10 |    60 ||   116
   Stab: Sleeping          |     1 |       |     3 |     2 |     5 |     2 |       |       |    13 ||    26
         Petrified         |       |       |       |       |     2 |       |       |       |       ||     2
         Distracted        |       |       |       |       |       |       |       |       |    10 ||    10
 Armour: Leather armour    |    11 |    19 |    36 |    27 |       |       |       |       |       ||    93
         Steam dragon scal |       |       |       |    93 |    43 |       |       |       |       ||   136
         Skin              |       |       |       |     5 |       |       |       |       |       ||     5
         Scale mail        |       |       |       |       |    64 |   164 |   132 |    81 |       ||   441
         Quicksilver drago |       |       |       |       |       |       |       |    19 |    88 ||   107
         Storm dragon scal |       |       |       |       |       |       |       |       |   266 ||   266
         Ring mail         |       |       |       |       |       |       |       |       |   577 ||   577
  Dodge: Dodged            |    32 |   103 |   104 |   298 |   151 |    74 |    72 |    85 |  1107 ||  2026
  Block: Kite shield       |       |       |    43 |   335 |   312 |   263 |   301 |   223 |  2128 ||  3605
         Reflection        |       |       |       |     1 |     5 |    63 |   103 |    31 |    31 ||   234

Levels and vault maps discovered:
D:1:      minmay_arrival_checkered_box, layout_loops_ring,
          grunt_decor_mini_mirrors
D:2:      layout_loops_ring, uniq_terence
D:3:      layout_loops_corners, mainiacjoe_overflow_boulevard,
          lemuel_coloured_pillars_altar, shapermc_ecumenical_altar_venn,
          gammafunk_ghost_grave
D:4:      layout_loops_ring, amcnicky_altar_gilded, general_overflow_altar,
          kennysheep_big_empty_room, minmay_diced_spiral, uniq_robin
D:5:      layout_rooms
D:6:      layout_layer_cave, uniq_pikel, uniq_duvessa
D:7:      layout_cave_pools, minmay_temple_entry_slanted, hex_large
D:8:      kennysheep_ambush_hall, layout_gridville, hellmonk_lair_entry_icy,
          serial_shops, nicolae_shop_tiny_waterfront, uniq_maggie
D:9:      layout_basic, hangedman_decor_diamond_cutter, serial_bayou_pond_a
D:10:     layout_roguey, mainiacjoe_overflow_alcove_4, zin_statuary,
          dk_yredelemnul_ordeal, lemuel_crystal_altar,
          grunt_temple_overflow_open, david_orc_3, serial_shops,
          nicolae_stop_n_shop_2
D:11:     layout_loops_corners, dreamdust_princess_corridor,
          fedhas_bush_and_centaur_altar
D:12:     layout_roguey, xom_shifter_show, uniq_snorg
D:13:     layout_irregular_city, erik_vaults_2, gammafunk_ghost_fury_of_okawaru
D:14:     layout_basic, special_room [special_room_bee], serial_rivers,
          chequers_serial_rivers_large_b, chequers_serial_rivers_micro_c,
          chequers_serial_rivers_large_a, chequers_serial_rivers_micro_d,
          chequers_serial_rivers_small_b, chequers_serial_rivers_micro_c,
          hangedman_cracks_in_the_wall
D:15:     hangedman_depths_entry_try_elsewhere_first, layout_basic,
          minmay_misc_feat_enclosed, uniq_azrael
Temple:   compressed_dpeg_triangle_lava_temple
Lair:1:   layout_regular_city
Lair:2:   layout_cave_pods, nicolae_swamp_entry_spooky,
          minmay_snake_entry_guardpost_medium, gauntlet_entry_generic,
          gammafunk_ghost_cemetery, enter_volcano_2, minivault_24,
          beast_lair_carwin_1, uniq_fannar
Lair:3:   layout_regular_city, infiniplex_staircase_pool, uniq_kirke
Lair:4:   layout_cave_pods, serial_bayou_shore_a
Lair:5:   evilmike_catoblepas_cave, layout_hall_layers,
          nicolae_slime_entry_field_trip, uniq_rupert
Swamp:1:  nicolae_swamp_ascending_descending_big, layout_basic_swamp,
          lemuel_altar_in_water, uniq_nikola
Swamp:2:  layout_falls_marsh, nicolae_swamp_bean_lake
Swamp:3:  layout_falls_marsh, evilmike_swamp_ruin_house_1,
          infiniplex_staircase_pool_2, uniq_aizul
Swamp:4:  swamp_alternative, layout_basic_swamp, portal_ice_cave_entry_dragon
Snake:1:  layout_rooms, nicolae_snake_scaly_snakehead
Snake:2:  layout_grid_maze, uniq_vashnia
Snake:3:  layout_basic, basic_altar
Snake:4:  grunt_snake_rune_serpentine_throne, layout_concentric_octagons,
          grunt_megastairs_1, lemuel_fruit_tree, uniq_donald
Slime:1:  layout_caves
Slime:2:  layout_caves, nicolae_slime_crime_time
Slime:3:  layout_caves
Slime:4:  layout_caves
Slime:5
Orc:1:    layout_caves, serial_shops, nicolae_shop_pleasant_corner_grove,
          uniq_maurice
Orc:2:    st_orc_rangers, layout_diamond_mine, basic_altar
Elf:1:    eino_elf_arrival_sip, layout_loops_corners,
          portal_desolation_entry_holy_temple, minmay_elf_annihilation,
          wad_dig_loot
Elf:2:    nicolae_elf_blades_crystal_corner, layout_gridlike, special_room
          [special_room_orc]
Elf:3:    minmay_elf_hall_circle, layout_geoelf_octagon, uniq_louise
Vaults:1: v_misc_16, st_cross, v_pattern_3, v_rooms_2, v_misc_32,
          vaults_room_mumra_shop_pool, vaults_room_door_ring,
          nicolae_vaults_ninety_degrees,
          nicolae_vaults_taking_the_gang_shopping, v_misc_2,
          vaults_room_stairs_pillars, layout_vaults_omnicross
Vaults:2: nicolae_vaults_angled_halls, grunt_vaults_swirl, vaults_mumra_lcd,
          nicolae_vaults_sesquioval_fish, gammafunk_its_a_trap, v_pattern_2,
          nicolae_vaults_oval_intersection, nicolae_vaults_storage_closets_1,
          nicolae_vaults_diamond_2, hangedman_vaults_stretched_pinwheel,
          v_misc_18, nicolae_vaults_little_squares_4, hangedman_vaults_stagger,
          layout_vaults_omnibox, serial_shops,
          nicolae_shop_bloodbath_and_beyond, uniq_saint_roka
Vaults:3: minmay_crypt_entry_simple_box, nicolae_vaults_steering_wheel,
          nicolae_vaults_specimen_jars, nicolae_vaults_tetromino_L_2,
          nicolae_vaults_big_ls, v_alt_pattern_1,
          nicolae_vaults_security_offices_1, v_rooms_6,
          nicolae_vaults_closet_pinwheel_5, nicolae_vaults_tetromino_T_2,
          nicolae_vaults_ellipses_ellipsis, v_pattern_1,
          nicolae_vaults_shelves_hall, layout_vaults_maze
Vaults:4: vaults_room_door_hall, ontoclasm_vaults_misaligned,
          nicolae_vaults_tetromino_T_2, ontoclasm_vaults_chip, v_misc_29,
          vaults_dpeg_ring, nicolae_vaults_tetromino_L_1, layout_vaults_omnigrid
Vaults:5
Crypt:1:  layout_regular_city, gammafunk_ghost_spectres, minmay_misc_feat_five
Crypt:2:  layout_basic
Crypt:3:  church_of_pain_bobbens, layout_chaotic_city, tomb_entry_simple_bobbens
Depths:1: layout_long_grid, enter_ziggurat_e, lemuel_blue_sif_altar,
          hellmouth_2, pan_entry, serial_shops, shop,
          nicolae_ru_sacrificial_ziggurat, uniq_bai_suzhen
Depths:2: minmay_complete_graph, layout_gridville, rand_demon_pan_entry_8,
          pf_hell_entry_tar_river, infiniplex_staircase_split_hallway
Depths:3: kennysheep_blocky_room, layout_cave_pools, marbit_kobold_abyss_entry,
          hell_entry, kennysheep_nondescript, minmay_swirly_circle
Depths:4: evilmike_zot_entry_basic, layout_small_grid, grunt_pan_entry_spiral,
          pf_hell_entry_great_geh, st_stairs_1, uniq_parghit
Hell
Zot:1:    layout_misc_corridors, gammafunk_ghost_ooze, serial_nicolae_subway,
          nicolae_sub_station_stone, nicolae_sub_station_metal,
          nicolae_sub_station_crystal
Zot:2:    layout_misc_corridors
Zot:3:    layout_concentric_octagons
Zot:4:    kennysheep_oblong_rooms, layout_misc_corridors
Zot:5:    layout_twisted_circle, lemuel_golem_globe

Notes
Turn   | Place    | Note
-------+----------+-------------------------------------------
     0 | D:1      | Jeffwins the Human Wanderer began the quest for the Orb.
     0 | D:1      | Jeffwins set off with the following items: a +3 spear, a
                  | scroll of vulnerability {!r}, a +0 leather armour; and the
                  | following spell memorised: Freeze; and the following spells
                  | available to memorise: Frozen Ramparts.
     0 | D:1      | Reached XP level 1. HP: 21/21 MP: 2/2
    67 | D:1      | Reached XP level 2. HP: 27/27 MP: 3/3
   406 | D:1      | Reached XP level 3. HP: 33/33 MP: 5/5
   410 | D:1      | Learned a level 3 spell: Frozen Ramparts
   780 | D:2      | Reached skill level 2 in Ice Magic
   832 | D:2      | Reached skill level 1 in Stealth
   832 | D:2      | Reached XP level 4. HP: 33/39 MP: 3/6
  1011 | D:2      | Reached skill level 2 in Spellcasting
  1019 | D:2      | Identified the +8 whip of Mastery {freeze, Fragile rElec
                  | rC+ rN+}
  1025 | D:2      | Reached skill level 3 in Polearms
  1098 | D:2      | Noticed Terence
  1155 | D:2      | Killed Terence
  1156 | D:2      | Reached XP level 5. HP: 14/44 MP: 8/8
  1646 | D:3      | Found a faded altar of an unknown god.
  1727 | D:3      | Found a runed translucent door.
  1728 | D:3      | Noticed bobo's ghost (amateur DsHW)
  1903 | D:3      | Found a glowing golden altar of the Shining One.
  1940 | D:3      | Reached skill level 1 in Maces & Flails
  2558 | D:3      | Found a broken altar of Ashenzari.
  2664 | D:3      | HP: 3/35 [cerulean imp/+0 spear[bobo's ghost] (1)]
  2667 | D:3      | Killed bobo's ghost
  2668 | D:3      | Reached skill level 3 in Ice Magic
  2668 | D:3      | Reached XP level 6. HP: 4/51 MP: 7/10
  2865 | D:4      | Reached skill level 2 in Maces & Flails
  2865 | D:4      | Reached skill level 2 in Stealth
  2865 | D:4      | Reached skill level 3 in Spellcasting
  2865 | D:4      | Reached skill level 1 in Evocations
  2984 | D:4      | Noticed Robin
  2990 | D:4      | Reached XP level 7. HP: 50/56 MP: 7/11
  2998 | D:4      | Killed Robin
  3219 | D:4      | Found a snail-covered altar of Cheibriados.
  3413 | D:4      | Reached skill level 4 in Ice Magic
  3674 | D:4      | Found a shadowy altar of Dithmenos.
  3784 | D:5      | Entered Level 5 of the Dungeon
  3808 | D:5      | Reached skill level 3 in Maces & Flails
  3916 | D:5      | Reached XP level 8. HP: 49/62 MP: 4/13
  3918 | D:5      | Reached skill level 3 in Stealth
  3943 | D:5      | Learned a level 5 spell: Lee's Rapid Deconstruction
  3978 | D:5      | Reached skill level 2 in Evocations
  4081 | D:5      | Identified a scroll of acquirement
  4083 | D:5      | Acquired the +2 shield of Resistance {rF++ rC++ Will++}
  4083 | D:5      | Found the +2 shield of Resistance {rF++ rC++ Will++}
  4325 | D:6      | Reached skill level 1 in Earth Magic
  4355 | D:6      | Reached skill level 4 in Spellcasting
  4690 | D:6      | Noticed Dowan
  4691 | D:6      | Noticed Duvessa
  4708 | D:6      | Killed Duvessa
  4709 | D:6      | Reached skill level 1 in Shields
  4714 | D:6      | Killed Dowan
  4715 | D:6      | Reached skill level 2 in Earth Magic
  4757 | D:6      | Reached skill level 4 in Maces & Flails
  4927 | D:6      | Noticed Pikel
  4942 | D:6      | Killed Pikel
  4943 | D:6      | Reached skill level 5 in Ice Magic
  4943 | D:6      | Reached skill level 3 in Earth Magic
  4943 | D:6      | Reached XP level 9. HP: 68/68 MP: 12/16
  4948 | D:6      | Reached skill level 4 in Stealth
  4948 | D:6      | Reached skill level 2 in Shields
  4948 | D:6      | Reached skill level 3 in Evocations
  5051 | D:6      | Reached skill level 5 in Spellcasting
  5696 | D:7      | Learned a level 4 spell: Olgreb's Toxic Radiance
  5718 | D:7      | Reached skill level 5 in Maces & Flails
  6053 | D:7      | Found a staircase to the Ecumenical Temple.
  6073 | Temple   | Entered the Ecumenical Temple
  6147 | Temple   | Became a worshipper of Vehumet
  6634 | D:8      | Noticed a rime drake
  6634 | D:8      | Noticed a polar bear
  6644 | D:8      | Reached skill level 6 in Ice Magic
  6644 | D:8      | Reached skill level 4 in Earth Magic
  6644 | D:8      | Reached skill level 1 in Poison Magic
  6644 | D:8      | Reached XP level 10. HP: 65/74 MP: 12/18
  6648 | D:8      | Killed a rime drake
  6861 | D:8      | Found a staircase to the Lair.
  6876 | D:8      | Reached skill level 3 in Shields
  7249 | D:8      | Reached skill level 4 in Evocations
  7466 | D:8      | Reached skill level 2 in Poison Magic
  7496 | D:8      | Reached skill level 6 in Spellcasting
  7580 | D:8      | Noticed Maggie
  7600 | D:8      | Killed Maggie
  7601 | D:8      | Reached skill level 6 in Maces & Flails
  7601 | D:8      | Reached skill level 5 in Earth Magic
  7665 | D:8      | Reached skill level 5 in Stealth
  7803 | D:8      | Reached * piety under Vehumet
  7803 | D:8      | Offered knowledge of Foxfire by Vehumet.
  7879 | D:8      | Learned a level 2 spell: Poisonous Vapours
  7883 | D:8      | Learned a level 3 spell: Ignite Poison
  7885 | D:8      | Learned a level 1 spell: Foxfire
  7977 | D:8      | Found Ownyshrasso's Distillery.
  7990 | D:8      | Bought a potion of heal wounds for 50 gold pieces
  7990 | D:8      | Bought a potion of heal wounds for 50 gold pieces
  7990 | D:8      | Bought a potion of curing for 30 gold pieces
  7990 | D:8      | Bought a potion of curing for 30 gold pieces
  7990 | D:8      | Bought 2 potions of cancellation for 160 gold pieces
  7990 | D:8      | Bought a potion of heal wounds for 50 gold pieces
  7990 | D:8      | Bought a potion of haste for 100 gold pieces
  8560 | D:9      | Reached XP level 11. HP: 78/79 MP: 17/20
  8566 | D:9      | Reached skill level 1 in Conjurations
  8566 | D:9      | Reached skill level 7 in Ice Magic
  8572 | D:9      | Reached skill level 1 in Transmutations
  8572 | D:9      | Reached skill level 1 in Fire Magic
  8572 | D:9      | Reached skill level 1 in Air Magic
  8888 | D:9      | Reached skill level 4 in Shields
  9374 | D:10     | Entered Level 10 of the Dungeon
  9374 | D:10     | Found Qenuig's Antique Armour Shoppe.
  9426 | D:10     | Reached skill level 2 in Transmutations
  9428 | D:10     | Offered knowledge of Scorch by Vehumet.
  9429 | D:10     | Reached skill level 2 in Conjurations
  9429 | D:10     | Reached skill level 2 in Fire Magic
  9459 | D:10     | Found a burning altar of Makhleb.
  9470 | D:10     | Learned a level 2 spell: Scorch
  9614 | D:10     | Found a blossoming altar of Fedhas.
  9667 | D:10     | Found a glowing silver altar of Zin.
  9693 | D:10     | Reached skill level 2 in Air Magic
  9704 | D:10     | Reached ** piety under Vehumet
  9709 | D:10     | Reached skill level 3 in Poison Magic
  9820 | D:10     | Noticed a skeletal warrior
  9820 | D:10     | Noticed a skeletal warrior
  9871 | D:10     | Found a hazy altar of Hepliaklqana.
  9873 | D:10     | Found an opulent altar of Gozag.
  9877 | D:10     | Found a shimmering blue altar of Sif Muna.
  9877 | D:10     | Found a sacrificial altar of Ru.
  9877 | D:10     | Found a stormy altar of Qazlal.
  9905 | D:10     | Found a staircase to the Orcish Mines.
 10480 | D:10     | Reached skill level 6 in Earth Magic
 10703 | D:10     | Found a runed translucent door.
 10707 | D:10     | Found a basalt altar of Yredelemnul.
 10981 | D:11     | Offered knowledge of Static Discharge by Vehumet.
 10994 | D:11     | Reached skill level 3 in Conjurations
 11194 | D:11     | Noticed a boulder beetle
 11204 | D:11     | Killed a boulder beetle
 11205 | D:11     | Reached skill level 7 in Maces & Flails
 11205 | D:11     | Reached skill level 3 in Transmutations
 11205 | D:11     | Reached skill level 3 in Fire Magic
 11205 | D:11     | Reached XP level 12. HP: 86/86 MP: 16/22
 11294 | D:11     | Found a blossoming altar of Fedhas.
 11411 | D:11     | Reached skill level 3 in Air Magic
 11677 | D:11     | Identified a potion of resistance
 11878 | D:11     | Reached skill level 7 in Spellcasting
 12031 | D:11     | Reached *** piety under Vehumet
 12659 | Lair:1   | Entered Level 1 of the Lair of Beasts
 12717 | Lair:1   | Reached skill level 5 in Evocations
 13091 | Lair:1   | Reached skill level 8 in Ice Magic
 13295 | Lair:1   | Noticed a skyshark
 13304 | Lair:1   | Killed a skyshark
 13407 | Lair:1   | Offered knowledge of Mephitic Cloud by Vehumet.
 13424 | Lair:1   | Learned a level 3 spell: Mephitic Cloud
 13948 | Lair:2   | Reached skill level 4 in Conjurations
 13995 | Lair:2   | Found a gate leading to a gauntlet.
 14016 | Gauntlet | Entered a Gauntlet
 14016 | Gauntlet | Found a transporter.
 14016 | Gauntlet | Found a transporter.
 14020 | Gauntlet | Found a transporter.
 14020 | Gauntlet | Found a transporter.
 14025 | Gauntlet | Noticed a death yak
 14026 | Gauntlet | Noticed a death yak
 14029 | Gauntlet | Found a transporter.
 14032 | Gauntlet | Noticed a death yak
 14034 | Gauntlet | Noticed a death yak
 14037 | Gauntlet | Noticed a death yak
 14038 | Gauntlet | Noticed a death yak
 14043 | Gauntlet | Noticed a wretched star
 14052 | Gauntlet | Found a transporter.
 14055 | Gauntlet | Noticed a glowing orange brain
 14056 | Gauntlet | Noticed a glowing orange brain
 14058 | Gauntlet | Found a transporter.
 14058 | Gauntlet | Found a transporter.
 14061 | Gauntlet | Noticed a wretched star
 14082 | Gauntlet | Found a transporter.
 14089 | Gauntlet | Found a transporter.
 14101 | Gauntlet | Found a transporter.
 14119 | Gauntlet | Found the +2 cloak of the Thief {*Fog Slay-2 SInv Stlth+}
 14121 | Gauntlet | Found a transporter.
 14154 | Gauntlet | Found a transporter.
 14162 | Gauntlet | Noticed a ghost crab
 14168 | Gauntlet | Found the +3 pair of mountain boots {steadfast, rC+}
 14170 | Gauntlet | Found a transporter.
 14269 | Gauntlet | Found a transporter.
 14285 | Gauntlet | Noticed an entropy weaver
 14287 | Gauntlet | Found a transporter.
 14389 | Gauntlet | Reached skill level 4 in Transmutations
 14499 | Gauntlet | Killed a ghost crab
 14500 | Gauntlet | Reached skill level 4 in Fire Magic
 14728 | Gauntlet | Identified a scarf of resistance
 14830 | Gauntlet | Identified the amulet of the Lost Artisans {Reflect MP+9
                  | SH+5}
 14830 | Gauntlet | Noticed a minotaur
 14842 | Gauntlet | Killed a minotaur
 14843 | Gauntlet | Reached skill level 4 in Air Magic
 15045 | Gauntlet | Identified the staff of death "Coppeargh" {rElec rC+ rN+
                  | Str-2}
 15046 | Gauntlet | Got Jomekke's Tractate on Striking
 15537 | Lair:2   | Noticed Fannar
 15557 | Lair:2   | HP: 6/86 [Fannar/staff of cold (5)]
 15558 | Lair:2   | Killed Fannar
 15559 | Lair:2   | Reached XP level 13. HP: 7/91 MP: 24/24
 15841 | Lair:2   | Found a runed translucent gate.
 15841 | Lair:2   | Found a runed translucent gate.
 15841 | Lair:2   | Found a runed translucent gate.
 15843 | Lair:2   | Noticed Zumudolu's ghost (journeyman MiFi)
 15843 | Lair:2   | Noticed Deiv's ghost (journeyman MiHu)
 15844 | Lair:2   | Noticed Deiv's ghost (journeyman MiHu)
 15844 | Lair:2   | Noticed Takou's ghost (journeyman AtFi)
 15844 | Lair:2   | Noticed Wokir's ghost (journeyman DsEn)
 16024 | Lair:2   | Found a staircase to the Swamp.
 16024 | Lair:2   | Noticed a ghost crab
 16090 | Lair:2   | Reached skill level 4 in Poison Magic
 16091 | Lair:2   | Reached skill level 5 in Shields
 16098 | Lair:2   | Reached skill level 7 in Earth Magic
 16522 | Lair:2   | Found a staircase to the Snake Pit.
 17172 | Lair:3   | Reached skill level 8 in Maces & Flails
 17262 | Lair:3   | Noticed Kirke
 17274 | Lair:3   | Killed Kirke
 17275 | Lair:3   | Reached skill level 5 in Transmutations
 17275 | Lair:3   | Reached skill level 5 in Fire Magic
 17397 | Lair:3   | Reached **** piety under Vehumet
 17476 | Lair:3   | Reached skill level 5 in Conjurations
 17542 | Lair:3   | Noticed an eight-headed hydra
 17554 | Lair:3   | Killed an eight-headed hydra
 17666 | Lair:3   | Reached skill level 5 in Air Magic
 17668 | Lair:3   | Reached skill level 8 in Spellcasting
 17798 | Lair:3   | Offered knowledge of Volatile Blastmotes by Vehumet.
 17962 | Lair:3   | Learned a level 5 spell: Freezing Cloud
 18213 | Lair:4   | Noticed a five-headed hydra
 18221 | Lair:4   | Killed a five-headed hydra
 18437 | Lair:4   | Reached skill level 9 in Ice Magic
 18693 | Lair:4   | Reached XP level 14. HP: 97/98 MP: 17/26
 19370 | Lair:5   | Entered Level 5 of the Lair of Beasts
 19380 | Lair:5   | Reached ***** piety under Vehumet
 19384 | Lair:5   | Offered knowledge of Sticky Flame by Vehumet.
 19603 | Lair:5   | Reached skill level 8 in Earth Magic
 19834 | Lair:5   | Reached skill level 6 in Fire Magic
 20023 | Lair:5   | Reached skill level 6 in Transmutations
 20142 | Lair:5   | Reached skill level 6 in Conjurations
 20178 | Lair:5   | Noticed Rupert
 20189 | Lair:5   | Killed Rupert
 20190 | Lair:5   | Reached skill level 6 in Air Magic
 20190 | Lair:5   | Reached skill level 6 in Evocations
 20331 | Lair:5   | Reached skill level 5 in Poison Magic
 20388 | Lair:5   | Found a staircase to the Slime Pits.
 20441 | Lair:5   | Reached skill level 9 in Maces & Flails
 21083 | D:10     | Bought a glimmering scale mail for 297 gold pieces
 21083 | D:10     | Identified the +6 scale mail "Cucoock" {Drain rCorr Stlth+}
                  | (You bought it in a shop on level 10 of the Dungeon)
 21244 | D:12     | Found a shimmering altar of Xom.
 21244 | D:12     | Found a shimmering altar of Xom.
 21244 | D:12     | Found a shimmering altar of Xom.
 21245 | D:12     | Found a shimmering altar of Xom.
 21246 | D:12     | Found a shimmering altar of Xom.
 21378 | D:12     | Noticed Snorg
 21392 | D:12     | Killed Snorg
 21625 | D:12     | Reached skill level 6 in Shields
 22127 | D:12     | Identified the +1 robe "Pafy" {rElec rF+ rN++}
 22225 | D:12     | Offered knowledge of Iron Shot by Vehumet.
 22226 | D:12     | Reached XP level 15. HP: 103/103 MP: 14/27
 22653 | D:13     | Reached skill level 9 in Spellcasting
 22794 | D:13     | Reached skill level 7 in Transmutations
 22865 | D:13     | Reached skill level 7 in Fire Magic
 22955 | D:13     | Reached skill level 2 in Armour
 23063 | D:13     | Found a runed translucent gate.
 23063 | D:13     | Found a runed translucent gate.
 23063 | D:13     | Found a runed translucent gate.
 23064 | D:13     | Noticed Pimp's ghost (journeyman DsGl)
 23066 | D:13     | Identified the +1 rapier of Trog's Righteous Fury {heavy,
                  | Contam rC+ Str+3}
 23128 | D:13     | Found a gate to the Vaults.
 23207 | D:13     | Reached skill level 9 in Earth Magic
 23270 | D:13     | Reached skill level 7 in Air Magic
 23333 | D:13     | Acquired an amulet of magic regeneration
 23437 | D:13     | Reached skill level 10 in Ice Magic
 23650 | D:13     | Found an iron altar of Okawaru.
 24517 | D:14     | Learned a level 4 spell: Dispel Undead
 24960 | D:14     | Reached skill level 1 in Necromancy
 25248 | D:14     | Identified the +9 flail of the Desert {flame, Dex+2}
 25698 | D:15     | Entered Level 15 of the Dungeon
 25838 | D:15     | Learned a level 6 spell: Iron Shot
 26343 | D:15     | Noticed Azrael
 26354 | D:15     | Killed Azrael
 26558 | D:15     | Found a staircase to the Depths.
 26563 | D:15     | Reached XP level 16. HP: 38/109 MP: 29/29
 27000 | D:15     | Reached skill level 10 in Maces & Flails
 27312 | Orc:1    | Entered Level 1 of the Orcish Mines
 27312 | Orc:1    | Noticed Maurice
 27315 | Orc:1    | Killed Maurice
 27484 | Orc:2    | Entered Level 2 of the Orcish Mines
 27722 | Orc:1    | Reached skill level 2 in Necromancy
 28095 | Orc:1    | Found Muank's Magic Scroll Boutique.
 28099 | Orc:1    | Bought a scroll of poison for 56 gold pieces
 28099 | Orc:1    | Bought a scroll of immolation for 56 gold pieces
 28300 | Orc:2    | Offered knowledge of Eringya's Noxious Bog by Vehumet.
 28607 | Orc:2    | Found Ilasmij's General Store.
 28607 | Orc:2    | Found Ycionoeg's Book Emporium.
 28609 | Orc:2    | Found Cimi's Armour Shoppe.
 28611 | Orc:2    | Found Qomi's Weapon Shop.
 28634 | Orc:2    | Bought a +0 helmet of intelligence for 172 gold pieces
 29014 | Orc:2    | Found a staircase to the Elven Halls.
 29173 | Elf:1    | Entered Level 1 of the Elven Halls
 29333 | Elf:1    | Reached skill level 3 in Armour
 29393 | Elf:1    | Identified a ring of Brawling {rElec rPois Dex+3}
 29401 | Elf:1    | Reached skill level 3 in Necromancy
 29414 | Elf:1    | Reached skill level 8 in Transmutations
 29414 | Elf:1    | Reached skill level 6 in Poison Magic
 29478 | Elf:1    | Found a crumbling gateway.
 29492 | Elf:1    | Reached skill level 8 in Fire Magic
 29494 | Elf:1    | Reached skill level 8 in Air Magic
 29494 | Elf:1    | Reached skill level 7 in Evocations
 29495 | Elf:1    | Paralysed by an air elemental for 1 turns
 29498 | Elf:1    | Paralysed by an air elemental for 1 turns
 29503 | Elf:1    | Paralysed by an air elemental for 1 turns
 29509 | Elf:1    | Paralysed by an air elemental for 1 turns
 29972 | Elf:1    | Found a white marble altar of Elyvilon.
 30006 | Elf:1    | Paralysed by an air elemental for 1 turns
 30416 | Elf:1    | Found a glowing silver altar of Zin.
 30427 | Elf:1    | Found a glowing golden altar of the Shining One.
 30493 | Elf:1    | Identified the +1 pair of boots "Mogaclem" {Harm *Slow rN+
                  | Will+}
 30530 | Elf:1    | Reached skill level 1 in Dodging
 30530 | Elf:1    | Reached ****** piety under Vehumet
 30535 | Elf:1    | Reached skill level 7 in Conjurations
 30537 | Elf:1    | Reached skill level 7 in Shields
 30540 | Elf:1    | Offered knowledge of Irradiate by Vehumet.
 30622 | Elf:1    | Reached skill level 10 in Spellcasting
 30734 | Elf:1    | Got the Compendium of the Shot
 31061 | Elf:1    | Reached XP level 17. HP: 111/115 MP: 31/31
 31077 | Elf:1    | Reached skill level 4 in Necromancy
 31518 | Elf:2    | Paralysed by an air elemental for 1 turns
 31558 | Elf:2    | Reached skill level 11 in Ice Magic
 32637 | Elf:2    | Found a runed translucent gate.
 32638 | Elf:2    | Found a runed translucent gate.
 32638 | Elf:2    | Found a runed translucent gate.
 33026 | Elf:2    | Reached skill level 2 in Dodging
 33229 | Elf:2    | Noticed a deep elf blademaster
 33237 | Elf:2    | Killed a deep elf blademaster
 33238 | Elf:2    | Reached skill level 6 in Stealth
 33291 | Elf:3    | Entered Level 3 of the Elven Halls
 33453 | Elf:3    | Reached skill level 5 in Necromancy
 33462 | Elf:3    | Reached skill level 9 in Transmutations
 33471 | Elf:3    | Noticed a deep elf master archer
 33665 | Elf:3    | Killed a deep elf master archer
 33848 | Elf:2    | Reached skill level 11 in Maces & Flails
 33965 | Elf:2    | Reached skill level 9 in Fire Magic
 33993 | Elf:3    | Noticed a deep elf blademaster
 34042 | Elf:3    | Killed a deep elf blademaster
 34043 | Elf:3    | Reached skill level 4 in Armour
 34273 | Elf:3    | Noticed a deep elf master archer
 34275 | Elf:3    | Reached XP level 18. HP: 121/121 MP: 31/32
 34279 | Elf:3    | Killed a deep elf master archer
 34438 | Elf:3    | Noticed a deep elf master archer
 34440 | Elf:3    | Reached skill level 8 in Conjurations
 34654 | Elf:3    | Killed a deep elf master archer
 34744 | Elf:3    | Offered knowledge of Arcjolt by Vehumet.
 34764 | Elf:3    | Reached skill level 10 in Earth Magic
 34809 | Elf:3    | Noticed a deep elf blademaster
 34813 | Elf:3    | Killed a deep elf blademaster
 35013 | Elf:3    | Noticed a deep elf master archer
 35015 | Elf:3    | Killed a deep elf master archer
 35215 | Elf:3    | Noticed a Hell Sentinel
 35219 | Elf:3    | Identified the amulet of Lerib {RegenMP rC++}
 35219 | Elf:3    | Noticed Louise
 35222 | Elf:3    | Noticed a Tzitzimitl
 35226 | Elf:3    | Killed Louise
 35230 | Elf:3    | Identified the +8 falchion of Starshine {drain, rC++ rN+}
 35242 | Elf:3    | HP: 2/123 [deep elf annihilator/crystal spear (56)]
 35823 | Elf:3    | Reached skill level 3 in Dodging
 35928 | Elf:3    | Reached skill level 6 in Necromancy
 36273 | Elf:3    | Identified the ring "Wioxo" {AC+4 Str+3 Int+2 SInv}
 36358 | Elf:3    | Identified the +6 scimitar of the Sea {vamp, *Slow rPois
                  | rN+++ Str-5 Dex+8}
 36364 | Elf:3    | Got the Enchiridion on the Wind
 36369 | Elf:3    | Identified the staff of cold "Kishrupocs" {rPois rC+ rCorr}
 36373 | Elf:3    | Got the Secrets of Gusty Graupel
 36384 | Elf:3    | Identified the +0 plate armour of Lugonu's Scorn {Int+3
                  | SInv}
 36393 | Elf:3    | Identified the +1 ring mail "Mupuf" {rElec}
 36418 | Elf:3    | Identified the staff of fire "Etzealou" {Fly rF+ Will+
                  | MP+9}
 36422 | Elf:3    | Identified the +7 glaive of the Purse {freeze, Fly Will-
                  | SInv Stlth+}
 36431 | Elf:3    | Identified the amulet of Husular {Reflect Int+5 SH+5}
 36904 | Snake:1  | Entered Level 1 of the Snake Pit
 37070 | Snake:1  | Reached skill level 1 in Throwing
 37075 | Snake:1  | Reached skill level 7 in Poison Magic
 37391 | Snake:1  | Reached skill level 6 in Fighting
 38092 | Snake:1  | Reached XP level 19. HP: 94/129 MP: 10/33
 38321 | Snake:1  | Acquired the staff of air "Qygurgh" {rElec rF+ rC+ rN+
                  | Str+2}
 38349 | Snake:1  | Acquired the Cyclopedia of Luminous Necromantic Liturgies
 38367 | Snake:1  | Learned a level 6 spell: Plasma Beam
 38399 | Snake:1  | Reached skill level 11 in Spellcasting
 38547 | Snake:1  | Reached skill level 2 in Throwing
 39142 | Snake:2  | Noticed Vashnia
 39452 | Snake:2  | Reached skill level 7 in Stealth
 39580 | Snake:2  | Offered knowledge of Ozocubu's Refrigeration by Vehumet.
 39881 | Snake:2  | Killed Vashnia
 40623 | Snake:2  | Reached skill level 10 in Transmutations
 41265 | Snake:2  | Reached skill level 3 in Throwing
 41270 | Snake:2  | Reached skill level 12 in Ice Magic
 41451 | Snake:2  | Reached skill level 8 in Shields
 41546 | Snake:2  | Reached skill level 10 in Fire Magic
 41546 | Snake:2  | Reached skill level 8 in Evocations
 41551 | Snake:2  | Reached skill level 5 in Armour
 41551 | Snake:2  | Reached skill level 9 in Conjurations
 42179 | Snake:3  | Reached skill level 7 in Necromancy
 42444 | Snake:3  | Found a sacrificial altar of Ru.
 42732 | Snake:3  | Reached skill level 4 in Dodging
 42959 | Snake:3  | Offered knowledge of Spellforged Servitor by Vehumet.
 43641 | Snake:4  | Entered Level 4 of the Snake Pit
 43935 | Snake:4  | Reached skill level 4 in Throwing
 44250 | Snake:4  | Reached skill level 12 in Maces & Flails
 44470 | Snake:4  | Reached XP level 20. HP: 137/137 MP: 15/35
 46023 | Snake:4  | Identified the +1 ring mail of the Tortured God {+Inv}
 46754 | Snake:4  | Reached skill level 5 in Throwing
 46951 | Snake:4  | Reached skill level 8 in Necromancy
 46957 | Snake:4  | Noticed Donald
 47162 | Snake:4  | Offered knowledge of Fire Storm by Vehumet.
 47162 | Snake:4  | Offered knowledge of Ignition by Vehumet.
 47162 | Snake:4  | Offered knowledge of Maxwell's Capacitive Coupling by
                  | Vehumet.
 47333 | Snake:4  | Reached skill level 10 in Conjurations
 47688 | Snake:4  | Got a serpentine rune of Zot
 47843 | Snake:4  | Killed Donald
 47844 | Snake:4  | Reached skill level 7 in Fighting
 48184 | Vaults:1 | Entered Level 1 of the Vaults
 48471 | Vaults:1 | Reached skill level 8 in Stealth
 48683 | Vaults:1 | Reached skill level 12 in Spellcasting
 48783 | Vaults:1 | Reached skill level 5 in Dodging
 48824 | Vaults:1 | Reached skill level 8 in Poison Magic
 48824 | Vaults:1 | Reached XP level 21. HP: 144/144 MP: 12/37
 48827 | Vaults:1 | Reached skill level 6 in Throwing
 49009 | Vaults:1 | Reached skill level 6 in Armour
 49222 | Vaults:1 | Found Xoen's Armour Emporium.
 49530 | Vaults:1 | Found Ypnogatu's Armour Emporium.
 49671 | Vaults:1 | Reached skill level 9 in Shields
 50245 | Vaults:1 | Reached skill level 11 in Earth Magic
 50388 | Vaults:1 | Reached skill level 9 in Necromancy
 50394 | Vaults:1 | Reached skill level 9 in Evocations
 50566 | Vaults:2 | Noticed Saint Roka
 50573 | Vaults:2 | Killed Saint Roka
 51090 | Vaults:2 | Found a transporter.
 51128 | Vaults:2 | Found a transporter.
 51142 | Vaults:2 | Reached skill level 11 in Fire Magic
 51556 | Vaults:2 | Reached skill level 11 in Conjurations
 52326 | Vaults:2 | Reached XP level 22. HP: 153/153 MP: 29/38
 52329 | Vaults:2 | Reached skill level 6 in Dodging
 52330 | Vaults:2 | Found Fosemapp's Weapon Shop.
 52782 | Vaults:2 | Identified a +2 robe of the Archmagi
 52785 | Vaults:2 | Identified the staff of poison "Hahyunuh" {rPois Int+5}
 52787 | Vaults:2 | Identified the +0 robe "Putzaff" {Will++ Str+3 Dex+2
                  | Archmagi}
 52790 | Vaults:2 | Identified the amulet "Koxudghiut" {Reflect Int-2 Dex+4
                  | SH+5}
 52798 | Vaults:2 | Identified the amulet "Vomu Pan" {Spirit -Cast +Blink rPois
                  | Regen+}
 52966 | Vaults:3 | Found a staircase to the Crypt.
 53288 | Vaults:3 | Reached skill level 8 in Fighting
 53617 | Vaults:3 | Reached skill level 10 in Necromancy
 53625 | Vaults:3 | Reached skill level 9 in Stealth
 53926 | Vaults:3 | Reached skill level 7 in Armour
 53940 | Vaults:3 | Reached skill level 13 in Spellcasting
 54291 | Vaults:3 | Learned a level 7 spell: Orb of Destruction
 54808 | Vaults:4 | Acquired 675 gold pieces
 55345 | Vaults:4 | Reached skill level 12 in Fire Magic
 55428 | Vaults:4 | Reached skill level 12 in Conjurations
 55613 | Vaults:4 | Identified the +12 chain mail "Iloiphuz" {rF+ rCorr Int-3}
 55871 | Vaults:4 | Identified the +0 scale mail of the Valley of Death {-Tele
                  | rPois Will+ Dex+8}
 55915 | Vaults:4 | Reached XP level 23. HP: 160/160 MP: 23/40
 56538 | Depths:1 | Entered Level 1 of the Depths
 56688 | Depths:1 | Found a sacrificial altar of Ru.
 56727 | Depths:1 | Noticed Bai Suzhen
 56798 | Depths:1 | Killed Bai Suzhen
 57181 | Depths:1 | Reached skill level 7 in Dodging
 57263 | Depths:1 | Reached skill level 10 in Shields
 57390 | Depths:1 | Found a one-way gateway to a ziggurat.
 57428 | Depths:1 | Reached skill level 10 in Evocations
 57876 | Depths:1 | Found Zacwugua's Assorted Antiques.
 57885 | Depths:1 | Bought a potion of heal wounds for 225 gold pieces
 57885 | Depths:1 | Bought a potion of curing for 135 gold pieces
 57901 | Depths:1 | Found a one-way gate leading to the halls of Pandemonium.
 58374 | Depths:1 | Identified the +5 demon blade "Lixohoume" {drain, rElec
                  | Str-3 Int+6 Dex+3}
 58428 | Depths:1 | Found a gateway to Hell.
 58652 | Depths:1 | Identified the ring "Noagyc" {Str+6 SInv}
 58716 | Depths:1 | Found a shimmering blue altar of Sif Muna.
 59470 | Depths:2 | Reached skill level 9 in Fighting
 59637 | Depths:2 | Reached skill level 8 in Armour
 59643 | Depths:2 | Identified the +11 hand axe "Beastbane" {heavy, +Blink
                  | Stlth+}
 59649 | Depths:2 | Reached skill level 12 in Earth Magic
 60080 | Depths:2 | Reached skill level 10 in Stealth
 60509 | Depths:2 | Noticed a golden dragon
 60537 | Depths:2 | Killed a golden dragon
 61037 | Depths:3 | Reached XP level 24. HP: 169/169 MP: 35/40
 61060 | Depths:3 | Reached skill level 14 in Spellcasting
 61176 | Depths:3 | Reached skill level 13 in Fire Magic
 61267 | Depths:3 | Reached skill level 13 in Conjurations
 62422 | Depths:3 | Noticed a caustic shrike
 62763 | Depths:3 | Reached skill level 8 in Dodging
 63375 | Depths:3 | Identified the quicksilver dragon scales of Depression {rC+
                  | Will+ Dex+5}
 63413 | Depths:3 | Killed a caustic shrike
 63675 | Depths:3 | Identified the staff of earth "Pacok" {Int+2}
 63825 | Depths:4 | Entered Level 4 of the Depths
 64347 | Hell     | Entered the Vestibule of Hell
 64347 | Hell     | Noticed Murray
 64347 | Hell     | Noticed Geryon
 64454 | Depths:4 | Reached skill level 11 in Shields
 64710 | Depths:4 | Found a gate to the Realm of Zot.
 64861 | Depths:4 | Noticed Parghit
 65755 | Depths:4 | Gained mutation: You expend magic power (3 MP) to
                  | strengthen your wands. [a neqoxec]
 66346 | Lair:2   | Killed Takou's ghost
 66350 | Lair:2   | Killed Deiv's ghost
 66351 | Lair:2   | Reached skill level 9 in Armour
 66351 | Lair:2   | Reached XP level 25. HP: 175/176 MP: 17/41
 66354 | Lair:2   | Killed Wokir's ghost
 66383 | Lair:2   | Killed Zumudolu's ghost
 66399 | Lair:2   | Killed Deiv's ghost
 66774 | D:13     | Killed Pimp's ghost
 67093 | Swamp:1  | Entered Level 1 of the Swamp
 67140 | Swamp:1  | Found a basalt altar of Yredelemnul.
 67176 | Swamp:1  | Learned a level 8 spell: Ignition
 67413 | Swamp:1  | Noticed Nikola
 67419 | Swamp:1  | Killed Nikola
 68218 | Swamp:2  | Reached skill level 10 in Fighting
 68734 | Swamp:3  | Noticed Aizul
 68740 | Swamp:3  | Reached skill level 14 in Fire Magic
 68851 | Swamp:3  | Killed Aizul
 69114 | Swamp:3  | Reached skill level 14 in Conjurations
 69341 | Swamp:3  | Reached skill level 11 in Evocations
 69751 | Swamp:4  | Entered Level 4 of the Swamp
 69980 | Swamp:4  | Found a frozen archway.
 70044 | IceCv    | Entered an ice cave
 70190 | IceCv    | Reached skill level 15 in Spellcasting
 71137 | Swamp:4  | Learned a level 7 spell: Ozocubu's Refrigeration
 71179 | Swamp:4  | Reached skill level 11 in Stealth
 71586 | Swamp:4  | Reached skill level 12 in Shields
 71881 | Swamp:4  | Reached skill level 11 in Necromancy
 71960 | Swamp:4  | Got a decaying rune of Zot
 72642 | Vaults:5 | Entered Level 5 of the Vaults
 72642 | Vaults:5 | Noticed an ancient lich
 72644 | Vaults:5 | Reached skill level 9 in Dodging
 72646 | Vaults:5 | Reached skill level 9 in Air Magic
 72648 | Vaults:5 | Killed an ancient lich
 72652 | Vaults:5 | Reached XP level 26. HP: 144/185 MP: 37/42
 73087 | Vaults:5 | Identified the ring of Fean {Str+3 Int+5 Dex+6}
 73591 | Vaults:5 | Noticed a dread lich
 73596 | Vaults:5 | Killed a dread lich
 73598 | Vaults:5 | Identified the +9 spear of the Breathing Fool {venom, MP+9
                  | Str+2}
 73648 | Vaults:5 | Identified the +5 robe "Puhisaen" {*Slow rPois Int-4 SInv}
 73797 | Vaults:5 | Identified the +6 chain mail "Diubepna" {Stlth+}
 73801 | Vaults:5 | Got a silver rune of Zot
 73931 | Vaults:5 | Identified the amulet "Waisey" {Spirit Str+3}
 74044 | Vaults:5 | Identified the +1 pair of boots of Gokhlul {rN+ Will- Str-2
                  | Int+8}
 74193 | Vaults:5 | Found the +8 orange crystal plate armour {Archmagi, Int+3
                  | Clar}
 74403 | Vaults:5 | Gained mutation: You are occasionally teleported next to
                  | monsters. [a shining eye]
 74407 | Vaults:5 | Lost mutation: You expend magic power (3 MP) to strengthen
                  | your wands. [potion of mutation]
 74407 | Vaults:5 | Lost mutation: You are occasionally teleported next to
                  | monsters. [potion of mutation]
 74407 | Vaults:5 | Gained mutation: You are robust. (+10% HP) [potion of
                  | mutation]
 74888 | Vaults:5 | Identified the ring "Fiuti" {EV+5 Int+3}
 75015 | Vaults:5 | Identified the +10 storm dragon scales of Nacza {rElec
                  | Str+3 Stlth+}
 75236 | Vaults:5 | Identified the +0 fire dragon scales of the Sailor {-Tele
                  | Harm rF++ rC- Will++ rCorr}
 75668 | Depths:1 | Acquired 432 gold pieces
 75759 | Depths:3 | Found a one-way gate to the infinite horrors of the Abyss.
 76102 | Slime:1  | Entered Level 1 of the Pits of Slime
 76235 | Slime:1  | Reached skill level 10 in Armour
 76267 | Slime:1  | Reached skill level 15 in Conjurations
 76269 | Slime:1  | Reached skill level 10 in Air Magic
 76271 | Slime:1  | Reached skill level 15 in Fire Magic
 76396 | Slime:1  | Gained mutation: Your natural rate of healing is unusually
                  | fast. [mutagenic glow]
 76404 | Slime:1  | Gained mutation: You are weak. (Str -2) [mutagenic glow]
 77089 | Slime:3  | Reached skill level 13 in Shields
 77958 | Slime:3  | Gained mutation: You are very weak. (Str -4) [a shining
                  | eye]
 77962 | Slime:3  | Lost mutation: You are robust. (+10% HP) [potion of
                  | mutation]
 77962 | Slime:3  | Lost mutation: You are very weak. (Str -4) [potion of
                  | mutation]
 77962 | Slime:3  | Lost mutation: You are weak. (Str -2) [potion of mutation]
 77962 | Slime:3  | Gained mutation: You are vulnerable to cold. (rC-) [potion
                  | of mutation]
 78442 | Slime:4  | Reached XP level 27. HP: 192/192 MP: 42/42
 78504 | Slime:5  | Entered Level 5 of the Pits of Slime
 78607 | Slime:5  | Noticed the Royal Jelly
 78618 | Slime:5  | Killed the Royal Jelly
 79716 | Slime:5  | Reached skill level 16 in Spellcasting
 79716 | Slime:5  | Reached skill level 12 in Evocations
 79759 | Slime:5  | Found the +27 heavy crossbow "Sniper" {heavy, Acc+∞ SInv}
 79837 | Slime:5  | Reached skill level 11 in Fighting
 79860 | Slime:5  | Identified the +5 ring mail of the Candlemaker {MP+9 Int+3
                  | Dex+5}
 79905 | Slime:5  | Got a slimy rune of Zot
 79906 | Slime:5  | Identified the +4 halberd of the Stopping Gods {protect,
                  | SInv}
 79927 | Slime:5  | Identified the +4 chain mail "Monidel" {Rampage rF+ Str+5
                  | Dex-5}
 80607 | Crypt:1  | Entered Level 1 of the Crypt
 81122 | Crypt:1  | Found a runed translucent gate.
 81122 | Crypt:1  | Found a runed translucent gate.
 81122 | Crypt:1  | Found a runed translucent gate.
 81129 | Crypt:1  | Noticed Waukhla's ghost (veteran KoBr)
 81172 | Crypt:1  | Reached skill level 12 in Stealth
 81614 | Crypt:1  | Reached skill level 10 in Dodging
 81847 | Crypt:1  | Reached skill level 11 in Air Magic
 82084 | Crypt:1  | Identified the ring "Bashonta" {Fly rF+ rC+ rN+ Int+3}
 82578 | Crypt:1  | Killed Waukhla's ghost
 82750 | Crypt:1  | Got the Papyrus of Variable Misfortune
 82845 | Crypt:2  | Noticed a curse skull
 82848 | Crypt:2  | Killed a curse skull
 83232 | Crypt:2  | Reached skill level 12 in Necromancy
 83590 | Crypt:2  | Noticed a curse skull
 83596 | Crypt:2  | Killed a curse skull
 83856 | Crypt:3  | Entered Level 3 of the Crypt
 83960 | Crypt:3  | Noticed a dread lich
 83965 | Crypt:3  | Reached skill level 14 in Shields
 84102 | Crypt:2  | Killed a dread lich
 84198 | Crypt:3  | Reached skill level 16 in Conjurations
 84448 | Crypt:3  | Reached skill level 16 in Fire Magic
 84729 | Crypt:3  | Found an ancient bone altar of Kikubaaqudgha.
 84868 | Crypt:3  | Found the +3 Mad Mage's Maulers {Infuse+∞ VampMP -Cast}
 85183 | Crypt:3  | Reached skill level 12 in Air Magic
 85513 | Crypt:3  | Identified the ring of Laink {rF- rN+ Dex+4 SInv}
 85513 | Crypt:3  | Identified the ring of Vesock {rN+ Str+4 Int+4}
 85513 | Crypt:3  | Identified the ring of Amelioration {rN+ Dex+2 SInv}
 85657 | Crypt:3  | Found the +8 demon blade "Leech" {evervamp, Harm Drain rN+}
 85747 | Crypt:3  | Acquired 643 gold pieces
 85844 | Crypt:3  | Noticed a curse skull
 85851 | Crypt:3  | Killed a curse skull
 86022 | Crypt:3  | Found a staircase to the Tomb.
 86479 | Depths:3 | Voluntarily entered the Abyss.
 87146 | Abyss:1  | Found a corrupted altar of Lugonu.
 87190 | Abyss:1  | Gained mutation: You are weak. (Str -2) [a neqoxec]
 87191 | Abyss:1  | Lost mutation: Your natural rate of healing is unusually
                  | fast. [a neqoxec]
 87351 | Abyss:1  | Identified the +4 tower shield "Itaproi" {rElec rC- Will+++
                  | MP-9}
 87395 | Abyss:1  | Found a corrupted altar of Lugonu.
 87407 | Abyss:2  | Found a sacrificial altar of Ru.
 87460 | Depths:3 | You pass through the gate.
 87460 | Depths:3 | Escaped the Abyss
 87627 | Depths:3 | Voluntarily entered the Abyss.
 87665 | Abyss:2  | Reached skill level 17 in Spellcasting
 87666 | Abyss:2  | Found a corrupted altar of Lugonu.
 87678 | Abyss:2  | Found a corrupted altar of Lugonu.
 87678 | Abyss:2  | Found a corrupted altar of Lugonu.
 87806 | Abyss:2  | Gained mutation: Your magical capacity is low. (-10% MP) [a
                  | cacodemon]
 88190 | Abyss:2  | Reached skill level 12 in Fighting
 88191 | Depths:3 | You pass through the gate.
 88191 | Depths:3 | Escaped the Abyss
 88303 | Depths:3 | Voluntarily entered the Abyss.
 88323 | Depths:3 | You pass through the gate.
 88323 | Depths:3 | Escaped the Abyss
 88325 | Depths:3 | Voluntarily entered the Abyss.
 88369 | Abyss:2  | Found a corrupted altar of Lugonu.
 88373 | Abyss:3  | Found a corrupted altar of Lugonu.
 88379 | Abyss:3  | Found a corrupted altar of Lugonu.
 88514 | Abyss:3  | Reached skill level 15 in Shields
 88557 | Abyss:3  | Reached skill level 11 in Dodging
 88711 | Abyss:3  | Got an abyssal rune of Zot
 88753 | Abyss:3  | Found a corrupted altar of Lugonu.
 88760 | Abyss:3  | Found a corrupted altar of Lugonu.
 88772 | Abyss:3  | Found a corrupted altar of Lugonu.
 88786 | Abyss:4  | Found a corrupted altar of Lugonu.
 88995 | Abyss:4  | Gained mutation: You occasionally lose the ability to drink
                  | potions when taking damage. [a cacodemon]
 89012 | Abyss:4  | Found a corrupted altar of Lugonu.
 89117 | Depths:3 | You pass through the gate.
 89117 | Depths:3 | Escaped the Abyss
 89118 | Depths:3 | Lost mutation: You are weak. (Str -2) [potion of mutation]
 89118 | Depths:3 | Lost mutation: Your magical capacity is low. (-10% MP)
                  | [potion of mutation]
 89118 | Depths:3 | Lost mutation: You occasionally lose the ability to drink
                  | potions when taking damage. [potion of mutation]
 89119 | Depths:3 | Lost mutation: You are vulnerable to cold. (rC-) [potion of
                  | mutation]
 89119 | Depths:3 | Gained mutation: You are covered in fur. (AC +1) [potion of
                  | mutation]
 89119 | Depths:3 | Gained mutation: You have a pair of small antennae on your
                  | head. [potion of mutation]
 89120 | Depths:3 | Lost mutation: You have a pair of small antennae on your
                  | head. [potion of mutation]
 89120 | Depths:3 | Lost mutation: You are covered in fur. (AC +1) [potion of
                  | mutation]
 89120 | Depths:3 | Gained mutation: You are partially covered in large bone
                  | plates. (SH +4) [potion of mutation]
 89120 | Depths:3 | Gained mutation: Your muscles are strong. (Str +4, Int/Dex
                  | -1) [potion of mutation]
 89211 | Hell     | Reached skill level 17 in Conjurations
 89396 | Depths:3 | Reached skill level 13 in Air Magic
 89442 | Depths:3 | Killed Murray
 89578 | Depths:3 | Reached skill level 17 in Fire Magic
 90130 | Hell     | Killed Geryon
 90508 | Hell     | Found a gateway to the freezing wastes of Cocytus.
 91063 | Hell     | Found a gateway to the ashen valley of Gehenna.
 91327 | Hell     | Found a gateway to the decaying netherworld of Tartarus.
 91523 | Hell     | Found a gateway to the Iron City of Dis.
 91665 | Zot:1    | Entered Level 1 of the Realm of Zot
 91669 | Zot:1    | Reached skill level 1 in Staves
 92037 | Zot:1    | Found a transporter.
 92107 | Zot:1    | Found a transporter.
 92112 | Zot:1    | Found a transporter.
 92211 | Zot:1    | Found a runed translucent gate.
 92212 | Zot:1    | Found a runed translucent gate.
 92212 | Zot:1    | Found a runed translucent gate.
 92349 | Zot:1    | Found a transporter.
 92365 | Zot:1    | Found a transporter.
 92367 | Zot:1    | Found a transporter.
 92472 | Zot:1    | Noticed Zeaxzic Paph's ghost (veteran OgBe)
 92481 | Zot:1    | Reached skill level 2 in Staves
 92494 | Zot:1    | Killed Zeaxzic Paph's ghost
 92737 | Zot:1    | Learned a level 8 spell: Maxwell's Capacitive Coupling
 92930 | Zot:2    | Noticed an electric golem
 92936 | Zot:2    | Killed an electric golem
 93209 | Zot:2    | Reached skill level 16 in Shields
 93303 | Zot:2    | Noticed an electric golem
 93315 | Zot:2    | Killed an electric golem
 94078 | Zot:3    | Reached skill level 3 in Staves
 94078 | Zot:3    | Reached skill level 14 in Air Magic
 94823 | Zot:3    | Reached skill level 18 in Spellcasting
 94930 | Zot:3    | Identified the +5 quarterstaff of Due Proportion {flame,
                  | Will+ SInv}
 95030 | Zot:3    | Identified the +4 rapier "Orb Guardian's Death" {heavy,
                  | Will++ rCorr Str+2}
 95376 | Zot:3    | Noticed a curse toe
 95380 | Zot:3    | Killed a curse toe
 95381 | Zot:3    | Reached skill level 12 in Dodging
 95954 | Zot:5    | Entered Level 5 of the Realm of Zot
 95970 | Zot:5    | Reached skill level 18 in Conjurations
 96205 | Zot:5    | Noticed an electric golem
 96206 | Zot:5    | Noticed an electric golem
 96212 | Zot:5    | Killed an electric golem
 96398 | Zot:5    | Reached skill level 18 in Fire Magic
 96409 | Zot:5    | Killed an electric golem
 96856 | Zot:4    | Reached skill level 13 in Fighting
 96867 | Zot:4    | Reached skill level 4 in Staves
 97592 | Zot:4    | Identified the +11 short sword of Oro Zew {pain, rElec
                  | Int+2}
 97803 | Zot:5    | Noticed an ancient lich
 97809 | Zot:5    | Killed an ancient lich
 97964 | Zot:5    | Noticed a dread lich
 97968 | Zot:5    | Killed a dread lich
 98034 | Zot:5    | Noticed an ancient lich
 98042 | Zot:5    | Killed an ancient lich
 98090 | Zot:5    | Noticed a dread lich
 98094 | Zot:5    | Killed a dread lich
 98128 | Zot:5    | Noticed an electric golem
 98137 | Zot:5    | Noticed an ancient lich
 98138 | Zot:5    | Noticed a Killer Klown
 98140 | Zot:5    | Noticed an orb of fire
 98141 | Zot:5    | Killed an electric golem
 98581 | Zot:5    | a Killer Klown changed into a shadow dragon
 98596 | Zot:5    | Reached skill level 15 in Air Magic
 98742 | Zot:5    | Killed an orb of fire
 98743 | Zot:5    | Reached skill level 5 in Staves
 98743 | Zot:5    | Reached skill level 11 in Armour
 98798 | Zot:5    | Killed an ancient lich
 99001 | Zot:5    | Noticed an electric golem
 99009 | Zot:5    | Noticed a Killer Klown
 99031 | Zot:5    | Noticed an ancient lich
 99035 | Zot:5    | Killed an ancient lich
 99038 | Zot:5    | Noticed an orb of fire
 99043 | Zot:5    | Killed an orb of fire
 99089 | Zot:5    | Killed a Killer Klown
 99143 | Zot:5    | Noticed a Killer Klown
 99146 | Zot:5    | Killed a Killer Klown
 99152 | Zot:5    | Killed an electric golem
 99169 | Zot:5    | Noticed a dread lich
 99171 | Zot:5    | Noticed an ancient lich
 99174 | Zot:5    | Killed a dread lich
 99179 | Zot:5    | Killed an ancient lich
 99193 | Zot:5    | Noticed an ancient lich
 99201 | Zot:5    | Killed an ancient lich
 99577 | Pan      | Entered Pandemonium
 99958 | Pan      | Learned a level 9 spell: Fire Storm
100056 | Pan      | Noticed Dan Cext the pandemonium lord
100063 | Pan      | Killed Dan Cext the pandemonium lord
100064 | Pan      | Reached skill level 19 in Conjurations
100581 | Pan      | Found an exit through the horrors of the Abyss.
100596 | Pan      | Reached skill level 19 in Spellcasting
100596 | Pan      | Reached skill level 19 in Fire Magic
100599 | Pan      | Noticed Veiphis the pandemonium lord
100615 | Pan      | Killed Veiphis the pandemonium lord
101215 | Pan      | Reached skill level 17 in Shields
101570 | Pan      | Reached skill level 16 in Air Magic
102022 | Pan      | Reached skill level 14 in Fighting
102411 | Pan      | Lost mutation: Your muscles are strong. (Str +4, Int/Dex
                  | -1) [a neqoxec]
102937 | Pan      | Noticed Yhonkuogh the pandemonium lord
102945 | Pan      | Paralysed by a floating eye for 4 turns
102952 | Pan      | Killed Yhonkuogh the pandemonium lord
102953 | Pan      | Reached skill level 12 in Armour
103087 | Pan      | Noticed Tizif the pandemonium lord
103093 | Pan      | Killed Tizif the pandemonium lord
103476 | Pan      | Entered the realm of Lom Lobon.
104454 | Pan      | Reached skill level 20 in Conjurations
104578 | Pan      | Noticed Lom Lobon
104986 | Pan      | Killed Lom Lobon
104987 | Pan      | Reached skill level 20 in Fire Magic
105061 | Pan      | Got a magical rune of Zot
105321 | Pan      | Entered the realm of Cerebov.
105559 | Pan      | Acquired a book of Storms
105570 | Pan      | Learned a level 7 spell: Ozocubu's Refrigeration
105594 | Pan      | Identified the +1 pair of boots "Gaido" {+Blink rF+}
105687 | Pan      | Acquired 717 gold pieces
105707 | Pan      | Found an exit through the horrors of the Abyss.
105850 | Pan      | Identified the ring of Qefanore {rF+ rN+}
105858 | Pan      | Identified the +5 falchion of Yponn {pain, rPois Str+3
                  | Dex+2}
106003 | Pan      | Reached skill level 20 in Spellcasting
106062 | Pan      | Identified the staff of death "Waeziloo" {rN+ Str+4 Dex+3}
106065 | Pan      | Identified the +7 broad axe of Revolt {vamp, Int+2 SInv}
106088 | Pan      | Reached skill level 6 in Staves
106364 | Pan      | Identified the +7 ring mail of Leapfrog {Stlth+}
106368 | Pan      | Identified the +9 dagger of Cowardice {holy, rCorr Str+2}
106398 | Pan      | Found the +6 sword of Cerebov {flame}
106398 | Pan      | Noticed Cerebov
106661 | Pan      | Killed Cerebov
106682 | Pan      | Got a fiery rune of Zot
106683 | Pan      | Identified the staff of air "Goghaff" {rElec rC+}
106966 | Pan      | Identified a +2 robe of resistance
106980 | Pan      | Noticed Wiehusob the pandemonium lord
106985 | Pan      | Killed Wiehusob the pandemonium lord
107285 | Pan      | Identified the +3 short sword "Taij" {flame, Int+2 Dex+3}
107315 | Pan      | Reached skill level 13 in Armour
107567 | Pan      | Acquired a book of Scorching
107632 | Pan      | Noticed Eghyla the pandemonium lord
107637 | Pan      | Killed Eghyla the pandemonium lord
107638 | Pan      | Reached skill level 7 in Staves
107676 | Pan      | Reached skill level 18 in Shields
108542 | Pan      | Reached skill level 21 in Conjurations
108855 | Pan      | Reached skill level 21 in Fire Magic
108861 | Pan      | Identified the +3 shortbow "Tong" {heavy, rElec}
108890 | Pan      | Gained mutation: Armour fits poorly on your strangely
                  | shaped body. [a neqoxec]
108896 | Pan      | Lost mutation: Armour fits poorly on your strangely shaped
                  | body. [potion of mutation]
108896 | Pan      | Lost mutation: You are partially covered in large bone
                  | plates. (SH +4) [potion of mutation]
108896 | Pan      | Gained mutation: You possess an exceptional clarity of
                  | mind. [potion of mutation]
108896 | Pan      | Gained mutation: Your magical capacity is low. (-10% MP)
                  | [potion of mutation]
108896 | Pan      | Gained mutation: You are strong-willed. (Will+) [potion of
                  | mutation]
109826 | Pan      | Gained mutation: Your spells are a little harder to cast,
                  | but a little more powerful. [a neqoxec]
109827 | Pan      | Lost mutation: Your spells are a little harder to cast, but
                  | a little more powerful. [a neqoxec]
109840 | Pan      | Identified the orb of the Furrier {*Rage, Rampage rC+
                  | Dex+3}
110053 | Pan      | Noticed Nomoumn the pandemonium lord
110060 | Pan      | Killed Nomoumn the pandemonium lord
110129 | Pan      | Reached skill level 8 in Staves
110338 | Pan      | Reached skill level 21 in Spellcasting
110709 | Pan      | Found an exit through the horrors of the Abyss.
110914 | Pan      | Entered the realm of Mnoleg.
110922 | Pan      | Gained mutation: Your magical capacity is very low. (-20%
                  | MP) [a neqoxec]
110924 | Pan      | Gained mutation: You do not regenerate when monsters are
                  | visible. [a neqoxec]
110924 | Pan      | Gained mutation: Armour fits poorly on your strangely
                  | shaped body. [a neqoxec]
110939 | Pan      | Gained mutation: You occasionally lose the ability to drink
                  | potions when taking damage. [a neqoxec]
111124 | Pan      | Noticed Mnoleg
111129 | Pan      | Killed Mnoleg
111543 | Pan      | Got a glowing rune of Zot
111554 | Pan      | Gained mutation: Your spells are a little easier to cast,
                  | but a little less powerful. [a cacodemon]
111555 | Pan      | Gained mutation: You are dopey. (Int -2) [a cacodemon]
111646 | Pan      | Found an exit through the horrors of the Abyss.
111690 | Pan      | Gained mutation: Your body sometimes deteriorates upon
                  | taking damage. [a cacodemon]
111732 | Pan      | Lost mutation: You possess an exceptional clarity of mind.
                  | [potion of mutation]
111732 | Pan      | Lost mutation: You are strong-willed. (Will+) [potion of
                  | mutation]
111732 | Pan      | Gained mutation: You are very dopey. (Int -4) [potion of
                  | mutation]
111733 | Pan      | Lost mutation: You occasionally lose the ability to drink
                  | potions when taking damage. [potion of mutation]
111733 | Pan      | Lost mutation: Armour fits poorly on your strangely shaped
                  | body. [potion of mutation]
111733 | Pan      | Gained mutation: Your flesh is cold resistant. (rC+)
                  | [potion of mutation]
111734 | Pan      | Lost mutation: You do not regenerate when monsters are
                  | visible. [potion of mutation]
111734 | Pan      | Lost mutation: Your body sometimes deteriorates upon taking
                  | damage. [potion of mutation]
111734 | Pan      | Gained mutation: Your movements are slightly less
                  | encumbered by armour. (ER -2) [potion of mutation]
111735 | Pan      | Lost mutation: Your magical capacity is very low. (-20% MP)
                  | [potion of mutation]
111735 | Pan      | Lost mutation: Your flesh is cold resistant. (rC+) [potion
                  | of mutation]
111735 | Pan      | Gained mutation: You are strong-willed. (Will+) [potion of
                  | mutation]
111735 | Pan      | Gained mutation: You are highly strong-willed. (Will++)
                  | [potion of mutation]
111735 | Pan      | Gained mutation: You are extremely strong-willed. (Will+++)
                  | [potion of mutation]
111736 | Pan      | Lost mutation: Your spells are a little easier to cast, but
                  | a little less powerful. [potion of mutation]
111736 | Pan      | Lost mutation: You are very dopey. (Int -4) [potion of
                  | mutation]
111758 | Pan      | Entered the realm of Gloorx Vloq.
111917 | Pan      | Noticed a curse skull
111932 | Pan      | Killed a curse skull
112043 | Pan      | Reached skill level 14 in Armour
112466 | Pan      | Noticed a curse skull
112471 | Pan      | Killed a curse skull
112632 | Pan      | Noticed Gloorx Vloq
113014 | Pan      | Killed Gloorx Vloq
113015 | Pan      | Reached skill level 13 in Ice Magic
113271 | Pan      | Got a dark rune of Zot
113486 | Pan      | Reached skill level 9 in Staves
113495 | Pan      | Gained mutation: You are weak. (Str -2) [a cacodemon]
113739 | Pan      | Noticed Foky Wum the pandemonium lord
113743 | Pan      | Killed Foky Wum the pandemonium lord
113752 | Pan      | Reached skill level 22 in Conjurations
113956 | Pan      | Reached skill level 13 in Earth Magic
114014 | Pan      | Reached skill level 22 in Fire Magic
114590 | Pan      | Found an exit through the horrors of the Abyss.
114703 | Pan      | Noticed Fuffedd the pandemonium lord
114707 | Pan      | Killed Fuffedd the pandemonium lord
114716 | Pan      | Got a demonic rune of Zot
114780 | Pan      | Took an exit into the Abyss.
114780 | Abyss:4  | You pass through the gate.
114780 | Abyss:4  | Escaped into the Abyss
114792 | Depths:2 | You pass through the gate.
114792 | Depths:2 | Escaped the Abyss
114994 | D:10     | Fell from the grace of Vehumet
114994 | D:10     | Became a worshipper of Zin the Law-Giver
114994 | D:10     | Reached * piety under Zin
114994 | D:10     | Reached ** piety under Zin
115222 | Depths:4 | Killed Parghit
115502 | Depths:4 | Donated 5435 gold pieces to Zin
115512 | Depths:4 | Reached *** piety under Zin
115586 | Zig:1    | Entered Level 1 of a ziggurat
115586 | Zig:1    | Noticed a royal mummy
115589 | Zig:1    | Killed a royal mummy
115618 | Zig:1    | Reached **** piety under Zin
115645 | Zig:2    | Entered Level 2 of a ziggurat
115678 | Zig:3    | Entered Level 3 of a ziggurat
115681 | Zig:3    | Noticed Diato the pandemonium lord
115689 | Zig:3    | Killed Diato the pandemonium lord
115694 | Zig:3    | Reached ***** piety under Zin
115904 | Zig:4    | Entered Level 4 of a ziggurat
115933 | Zig:4    | Identified the ring "Uti Feucs" {Wiz Int+2}
115954 | Zig:5    | Entered Level 5 of a ziggurat
115958 | Zig:5    | Noticed a royal mummy
115962 | Zig:5    | Killed a royal mummy
115962 | Zig:5    | Reached ****** piety under Zin
115975 | Zig:5    | Got the Volume of Overcast Angles
115985 | Zig:6    | Entered Level 6 of a ziggurat
115990 | Zig:6    | Noticed an orb of fire
116000 | Zig:6    | Killed an orb of fire
116117 | Zig:6    | Identified the +6 arbalest of Ibliw {penet, Fly Int+2}
116119 | Zig:6    | Identified the staff of fire "Facveukk" {rElec rF+ Int+2}
116126 | Zig:6    | Identified the +8 glaive "Ultimatum" {venom, rCorr Dex+3}
116131 | Zig:7    | Entered Level 7 of a ziggurat
116137 | Zig:7    | Identified a potion of experience
116138 | Zig:7    | Noticed a caustic shrike
116143 | Zig:7    | Killed a caustic shrike
116268 | Zig:8    | Entered Level 8 of a ziggurat
116388 | Zig:8    | Identified the +0 plate armour of Hini {Contam rCorr Str-4
                  | Int+5}
116391 | Zig:8    | Identified the ring of Ynkeda {rPois rC+ rCorr Str+3}
116397 | Zig:8    | Identified the amulet "Kiaseok" {Spirit *Corrode rF- rC+++
                  | Will+}
116446 | Zig:9    | Entered Level 9 of a ziggurat
116453 | Zig:9    | Noticed a juggernaut
116457 | Zig:9    | Killed a juggernaut
116458 | Zig:9    | Reached skill level 14 in Ice Magic
116511 | Zig:9    | Identified the +2 robe "Hyerchiose" {+Inv}
116516 | Zig:9    | Identified the +2 demon blade of Yradghit {flame, rN+ Str-4
                  | Dex+3}
116523 | Zig:10   | Entered Level 10 of a ziggurat
116869 | Zig:10   | Identified the +0 quarterstaff "Nadetaesu" {vamp, rElec rF-
                  | rCorr Int+5}
116874 | Zig:10   | Identified the staff of fire "Ofrim" {rPois rF+ MP+9
                  | Stlth+}
116885 | Zig:11   | Entered Level 11 of a ziggurat
117128 | Zig:11   | Identified the +9 shortbow of Xoetwag {freeze, Drain rC+++
                  | rN+++ Stlth+}
117133 | Zig:11   | Identified a ring of Akhlecrirph {*Slow rPois Will+ Int+3
                  | SInv}
117135 | Zig:11   | Identified the ring "Jueqiger" {Fly rF+ Will+}
117144 | Zig:11   | Identified the +5 scale mail "Bauwn" {Rampage Will- Dex+3}
117148 | Zig:11   | Lost mutation: You are extremely strong-willed. (Will+++)
                  | [potion of mutation]
117148 | Zig:11   | Lost mutation: You are weak. (Str -2) [potion of mutation]
117150 | Zig:12   | Entered Level 12 of a ziggurat
117163 | Zig:12   | Reached skill level 14 in Earth Magic
117164 | Zig:12   | Reached skill level 22 in Spellcasting
117174 | Zig:12   | Found the +9 sword of Power {lifebolt}
117196 | Zig:12   | Identified the +9 plate armour of the Fiend {rPois}
117238 | Zig:12   | Reached skill level 15 in Fighting
117244 | Zig:12   | Identified the +1 robe of the Desolation of Salt {rCorr
                  | Int+4 Archmagi}
117271 | Zig:13   | Entered Level 13 of a ziggurat
117291 | Zig:13   | Reached skill level 13 in Necromancy
117322 | Zig:13   | Identified the +7 scimitar "Ridieh" {heavy, *Slow Str+4
                  | Int+7 Dex+2}
117326 | Zig:13   | Identified the +10 dagger "Meutt" {freeze, rC+}
117327 | Zig:13   | Identified the +5 short sword "Jatui" {antimagic, Fragile
                  | Fly rElec Int+8}
117331 | Zig:13   | Identified the +0 flail of Ragi {protect, Will+ Dex+2}
117334 | Zig:13   | Identified the +8 scimitar of Vodutok {flame, rF+ rC+++
                  | Will+ Dex-3}
117370 | Zig:14   | Entered Level 14 of a ziggurat
117428 | Zig:14   | Identified the ring of Aceukhloa {rC+ rN+}
117430 | Zig:14   | Identified the +6 whip "Hafy" {elec, rElec}
117434 | Zig:14   | Identified the +10 arbalest of the Hummingbird {freeze,
                  | Fragile rF+ Int+2}
117435 | Zig:14   | Identified the +4 robe of the Wilderness {+Blink}
117479 | Zig:15   | Entered Level 15 of a ziggurat
117494 | Zig:15   | Noticed a juggernaut
117497 | Zig:15   | Reached skill level 17 in Air Magic
117498 | Zig:15   | Killed a juggernaut
117567 | Zig:15   | Identified the +6 broad axe "Ycwesk" {freeze, Will+++ Str+4
                  | Stlth-}
117579 | Zig:15   | Identified the +8 shortbow "Curoin" {freeze, Will+}
117587 | Zig:15   | Identified the +1 troll leather armour of the Pirate {-Tele
                  | Rampage Fly rC+ Regen+}
117589 | Zig:15   | Identified the +8 scimitar "Oheet" {speed, rElec rPois
                  | Str-3}
117593 | Zig:16   | Entered Level 16 of a ziggurat
117608 | Zig:16   | Noticed a juggernaut
117608 | Zig:16   | Noticed a juggernaut
117611 | Zig:16   | Killed a juggernaut
117615 | Zig:16   | Killed a juggernaut
117616 | Zig:16   | Reached skill level 15 in Ice Magic
117746 | Zig:16   | Identified the +0 ring mail of the Komodo Dragon {Will-
                  | Str+2 SInv Stlth+}
117747 | Zig:16   | Identified the +11 chain mail "Xiagg" {+Inv rF- Will-
                  | Str+8}
117752 | Zig:16   | Identified the +8 war axe "Geny" {heavy, *Rage rElec rF-
                  | rCorr}
117756 | Zig:16   | Reached skill level 15 in Armour
117768 | Zig:16   | Learned a level 9 spell: Shatter
117771 | Zig:16   | Got the Compendium of Profane Arts and Terra Firma
117785 | Zig:16   | Identified the +4 cloak of Blue Skies {-Cast Harm Drain
                  | rPois}
117992 | Zig:17   | Entered Level 17 of a ziggurat
118004 | Zig:17   | Reached skill level 19 in Shields
118024 | Zig:17   | Reached skill level 15 in Earth Magic
118174 | Zig:17   | Identified the +0 scale mail of the Gloaming {-Tele *Slow
                  | Str+3 Int+4}
118186 | Zig:17   | Reached skill level 23 in Conjurations
118186 | Zig:17   | Reached skill level 23 in Fire Magic
118187 | Zig:17   | Identified the ring of the Invisible Hand {Str+6 Dex+5}
118190 | Zig:17   | Identified a +2 crystal plate armour
118191 | Zig:17   | Identified the +8 mace "Grim Tooth" {freeze, Drain rElec
                  | rN+ SInv}
118193 | Zig:17   | Got Sif Muna's Parchment of the Fairies and Freezing
118213 | Zig:18   | Entered Level 18 of a ziggurat
118586 | Zig:18   | Identified the +2 scimitar "Rid Ateu" {protect, rElec MP+9}
118590 | Zig:18   | Got the Lectures on the Inferno and Oromancy
118593 | Zig:18   | Identified the staff of conjuration "Wownaedgh" {rF+ rN+
                  | SInv}
118603 | Zig:19   | Entered Level 19 of a ziggurat
118624 | Zig:19   | Noticed a juggernaut
118625 | Zig:19   | Noticed a juggernaut
118626 | Zig:19   | Noticed a juggernaut
118627 | Zig:19   | Killed a juggernaut
118627 | Zig:19   | Noticed a juggernaut
118630 | Zig:19   | Killed a juggernaut
118630 | Zig:19   | Killed a juggernaut
118636 | Zig:19   | Killed a juggernaut
118720 | Zig:19   | Reached skill level 16 in Ice Magic
118733 | Zig:19   | Identified the ring "Uxym" {rPois rC- Int+6 Dex+3 Slay+4}
118741 | Zig:19   | Identified the +8 dagger "Mairph" {protect, Will++ Int+3}
118744 | Zig:19   | Identified the staff of poison "Rauczi Eshu" {rElec rPois
                  | rN+ Int-5}
118753 | Zig:20   | Entered Level 20 of a ziggurat
118775 | Zig:20   | Noticed Asaxtuyhipro's ghost (adept MiCK)
118775 | Zig:20   | Noticed a curse skull
118775 | Zig:20   | Noticed Walil's ghost (veteran MiMo)
118775 | Zig:20   | Noticed Unuchuin's ghost (legendary GnFi)
118775 | Zig:20   | Noticed heteroy's ghost (legendary DsHu)
118776 | Zig:20   | Noticed lmSkywalker's ghost (adept DrTm)
118776 | Zig:20   | Noticed Reun's ghost (legendary GrEE)
118776 | Zig:20   | Noticed Pohawk's ghost (adept MiGl)
118776 | Zig:20   | Noticed Polaczum's ghost (adept TrMo)
118777 | Zig:20   | Noticed astronautguy's ghost (legendary FoEE)
118778 | Zig:20   | Reached skill level 23 in Spellcasting
118778 | Zig:20   | Reached skill level 16 in Earth Magic
118778 | Zig:20   | Noticed Nirchog's ghost (legendary DsIE)
118783 | Zig:20   | Noticed Viugiw's ghost (legendary TeBe)
118796 | Zig:20   | Killed a curse skull
118797 | Zig:20   | Reached skill level 14 in Necromancy
118799 | Zig:20   | Killed Walil's ghost
118815 | Zig:20   | Killed Reun's ghost
118827 | Zig:20   | Killed Pohawk's ghost
118843 | Zig:20   | Killed Nirchog's ghost
118844 | Zig:20   | Killed lmSkywalker's ghost
118857 | Zig:20   | Killed Polaczum's ghost
118858 | Zig:20   | Reached skill level 16 in Fighting
118890 | Zig:21   | Entered Level 21 of a ziggurat
119563 | Zig:21   | Identified the ring "Vixucs" {Wiz rCorr Int+3}
119577 | Zig:21   | Identified the +1 robe "Enawn" {Dex+2}
119597 | Zig:21   | Identified the +3 battleaxe "Diaxt" {vamp, Dex+2 Stlth+}
119601 | Zig:22   | Entered Level 22 of a ziggurat
119661 | Zig:22   | Noticed an orb of fire
119664 | Zig:22   | Killed an orb of fire
119672 | Zig:22   | Noticed an orb of fire
119682 | Zig:22   | Killed an orb of fire
119695 | Zig:22   | Noticed an orb of fire
119701 | Zig:22   | Noticed an orb of fire
119701 | Zig:22   | Noticed an orb of fire
119701 | Zig:22   | Noticed an orb of fire
119703 | Zig:22   | Noticed an orb of fire
119707 | Zig:23   | Entered Level 23 of a ziggurat
119712 | Zig:23   | HP: 8/210 [divine wrath (39)]
119767 | Zig:23   | Noticed a juggernaut
119767 | Zig:23   | Noticed a juggernaut
119778 | Zig:23   | Noticed a juggernaut
119778 | Zig:23   | Found the +15 Maxwell's patent armour {-Cast -Tele rElec
                  | Will+ rCorr}
119778 | Zig:23   | Found the +3 hat of Pondering {ponderous, Will+ MP+10
                  | Int+5}
119785 | Zig:23   | Killed a juggernaut
119821 | Zig:23   | Noticed a juggernaut
119823 | Zig:23   | Identified the staff of fire "Fazuod" {rF+ Int+7 SInv}
119910 | Zig:23   | Reached skill level 24 in Fire Magic
119914 | Zig:23   | Killed a juggernaut
119932 | Zig:23   | Noticed a juggernaut
119951 | Zig:23   | Reached skill level 17 in Ice Magic
119980 | Zig:23   | Reached skill level 24 in Conjurations
120046 | Zig:23   | Killed a juggernaut
120047 | Zig:23   | Reached skill level 16 in Armour
120065 | Zig:23   | Killed a juggernaut
120240 | Zig:23   | Killed a juggernaut
120318 | Zig:23   | Identified the amulet of Fucolaf {Harm rN++ Will+ Regen+
                  | Stlth+}
120325 | Zig:23   | Identified the ring "Qodyss" {Ice rCorr}
120326 | Zig:23   | Identified the +6 sling of Disgust {flame, rF+ Will+}
120331 | Zig:23   | Reached skill level 18 in Air Magic
120351 | Zig:23   | Identified the ring of Absolutism {rF+ MP+9}
120365 | Zig:23   | Identified the staff of air "Iranying" {rElec rPois rN+}
120370 | Zig:24   | Entered Level 24 of a ziggurat
120390 | Zig:24   | Noticed an ancient lich
120392 | Zig:24   | Noticed a dread lich
120393 | Zig:24   | Noticed a dread lich
120394 | Zig:24   | Reached skill level 17 in Earth Magic
120395 | Zig:24   | Killed a dread lich
120397 | Zig:24   | Killed a dread lich
120399 | Zig:24   | Noticed an ancient lich
120429 | Zig:24   | Noticed a dread lich
120439 | Zig:24   | Killed an ancient lich
120441 | Zig:24   | Killed a dread lich
120637 | Zig:24   | Killed an ancient lich
120810 | Zig:24   | Found the +3 giant club "Skullcrusher" {speed, Str+7}
120818 | Zig:24   | Reached skill level 20 in Shields
120824 | Zig:24   | Identified the +0 scale mail of the Equator {rF+}
120841 | Zig:24   | Identified the ring "Yxeja" {rC+ Will+ Str+4 Int+3 Dex-2}
120847 | Zig:24   | Identified the staff of cold "Bymues" {Fragile rPois rC+
                  | rCorr Dex+6}
120852 | Zig:24   | Identified the staff of air "Bosu" {rElec Int+2}
120855 | Zig:24   | Identified the staff of cold "Doquh" {rElec rF+ rC+ Dex+2}
120869 | Zig:25   | Entered Level 25 of a ziggurat
120935 | Zig:25   | Reached skill level 18 in Ice Magic
121023 | Zig:25   | HP: 17/213 [quicksilver dragon/bolt of dispelling energy
                  | (31)]
121397 | Zig:25   | Found the +7 lajatang of Order {silver, rMut}
121406 | Zig:25   | Reached skill level 24 in Spellcasting
121415 | Zig:25   | Identified the staff of earth "Cuextar" {Contam rC- MP+9
                  | Str+9}
121425 | Zig:25   | Got the Papyrus of Locality
121427 | Zig:25   | Identified the ring "Sarghatt" {rF+ rC+++ Int-2 Dex+3
                  | Slay+4}
121440 | Zig:25   | Identified the +1 hand axe "Kuxtueso" {flame, rPois}
121448 | Zig:25   | Identified the +5 short sword "Vuoffeir" {flame, Will+}
121452 | Zig:25   | Identified the +5 long sword "Erhanaan" {freeze, Will++
                  | Str+4 Int-3}
121456 | Zig:26   | Entered Level 26 of a ziggurat
121473 | Zig:26   | Noticed Nirchog's ghost (legendary DsIE)
121473 | Zig:26   | Noticed Xatwola's ghost (legendary DDFi)
121488 | Zig:26   | Reached skill level 18 in Earth Magic
121494 | Zig:26   | Killed Nirchog's ghost
121506 | Zig:26   | Killed Xatwola's ghost
121507 | Zig:26   | Reached skill level 17 in Fighting
121521 | Zig:26   | Noticed grandjackal's ghost (legendary DsGl)
121522 | Zig:26   | Noticed strangelove's ghost (master GrEE)
121537 | Zig:26   | Noticed a curse skull
121543 | Zig:26   | Noticed Piginabag's ghost (legendary DsSk)
121543 | Zig:26   | Noticed Gemnonof's ghost (adept DgCj)
121543 | Zig:26   | Noticed Janeylunn's ghost (veteran GnWn)
121543 | Zig:26   | Noticed Ucrups's ghost (legendary MiFi)
121543 | Zig:26   | Noticed Asaxtuyhipro's ghost (adept MiCK)
121543 | Zig:26   | Noticed thechecker02's ghost (legendary DDFi)
121543 | Zig:26   | Noticed Fouwomub's ghost (legendary FoEE)
121543 | Zig:26   | Noticed a curse skull
121543 | Zig:26   | Noticed a curse toe
121543 | Zig:26   | Noticed a curse toe
121543 | Zig:26   | Noticed Hewasun's ghost (legendary MiBe)
121543 | Zig:26   | Noticed Unuchuin's ghost (legendary GnFi)
121543 | Zig:26   | Noticed Wammos's ghost (legendary TeCj)
121543 | Zig:26   | Found the amulet of the Four Winds {rN+ Will+++ Clar}
121546 | Zig:27   | Entered Level 27 of a ziggurat
121640 | Zig:27   | Found the +5 woodcutter's axe
121641 | Zig:27   | Found the +2 hood of the Assassin {Detect Stab+ Stlth++}
122006 | Depths:1 | Lost mutation: You are highly strong-willed. (Will++)
                  | [potion of mutation]
122006 | Depths:1 | Lost mutation: You are dopey. (Int -2) [potion of mutation]
122006 | Depths:1 | Lost mutation: You are strong-willed. (Will+) [potion of
                  | mutation]
122289 | Depths:1 | Learned a level 9 spell: Polar Vortex
122295 | Depths:1 | Learned a level 4 spell: Dispel Undead
122298 | Depths:1 | Learned a level 2 spell: Blink
122300 | Depths:1 | Learned a level 1 spell: Apportation
122304 | Depths:1 | Was forgiven by Vehumet
122585 | D:10     | Fell from the grace of Zin
122585 | D:10     | Became a worshipper of Gozag Ym Sagoz the Greedy
122943 | Zot:5    | Got the Orb of Zot
123509 | D:$      | Escaped with the Orb!

Vanquished Creatures
  Cerebov (Pan)
  the Royal Jelly (Slime:5)
  Gloorx Vloq (Pan)
  The ghost of Nirchog the Archmage, a legendary DsIE of Vehumet (Zig:26)
  The ghost of Nirchog the Archmage, a legendary DsIE of Vehumet (Zig:20)
  The ghost of Reun the Infernalist, a legendary GrEE of the Shining One (Zig:20)
  Lom Lobon (Pan)
  8 dread liches
  Mnoleg (Pan)
  9 ancient liches
  5 orbs of fire
  The ghost of Xatwola the Axe Maniac, a legendary DDFi of Makhleb (Zig:26)
  The ghost of Zeaxzic Paph the Slayer, a veteran OgBe of Trog (Zot:1)
  13 juggernauts
  2 royal mummies
  The ghost of Walil the Intangible, a veteran MiMo of Dithmenos (Zig:20)
  Parghit (Depths:4)
  10 pandemonium lords
  Bai Suzhen (Depths:1)
  2 Killer Klowns (Zot:5)
  Saint Roka (Vaults:2)
  Vashnia (Snake:2)
  2 caustic shrikes
  A curse toe (Zot:3)
  Geryon (Hell)
  Nikola (Swamp:1)
  12 golden dragons
  2 profane servitors
  7 bone dragons
  The ghost of Waukhla the Imperceptible, a veteran KoBr of Wu Jian (Crypt:1)
  6 Brimstone Fiends
  3 Tzitzimimeh (Pan)
  5 electric golems
  3 Ice Fiends (Pan)
  A walking crystal tome (Depths:3)
  27 tentacled monstrosities
  6 Hell Sentinels
  28 Orb Guardians
  2 walking earthen tomes
  6 liches
  3 deep elf blademasters
  A walking frostbound tome (Depths:3)
  4 deep elf master archers (Elf:3)
  A searing wretch (Depths:1)
  2 walking divine tomes (Depths:3)
  13 titans
  7 quicksilver dragons
  31 Executioners
  Murray (Depths:3)
  22 acid blobs
  23 tentacled starspawn
  7 death cobs
  Kirke (Lair:3)
  19 shadow dragons
  The ghost of Polaczum the Brawler, an adept TrMo of Nemelex Xobeh (Zig:20)
  14 storm dragons
  3 thorn hunters
  8 sphinxes
  8 tengu reavers
  13 demonspawn warmongers
  6 draconian monks
  11 revenants
  Donald (Snake:4)
  15 fire giants
  11 azure jellies
  10 rockslimes
  7 nagarajas
  A fenstrider witch (Zig:18)
  3 spectral caustic shrikes (Depths:2)
  A nargun (Zig:25)
  3 frost giants (Depths:2)
  8 draconian knights
  6 deep elf sorcerers
  A quicksilver elemental (Zig:7)
  14 vault wardens
  8 draconian shifters
  3 iron dragons
  9 ghost moths
  5 emperor scorpions
  Louise (Elf:3)
  38 balrugs
  7 draconian scorchers
  Aizul (Swamp:3)
  30 cacodemons
  6 deep elf elementalists
  28 orc warlords
  6 curse skulls
  19 ghouls
  2 angels (Elf:1)
  A caustic shrike zombie (Crypt:3)
  8 war gargoyles
  24 ironbound preservers
  32 stone giants
  9 ironbound thunderhulks
  3 broodmothers
  7 draconian stormcallers
  A shard shrike simulacrum (Abyss:4)
  3 spriggan defenders
  30 reapers
  10 demonspawn blood saints (Pan)
  6 draconian annihilators
  11 quicksilver oozes
  The ghost of Deiv the Fighter, a journeyman MiHu of Gozag (Lair:2)
  The ghost of Deiv the Fighter, a journeyman MiHu of Gozag (Lair:2)
  10 demonspawn corrupters (Pan)
  43 very ugly things
  12 deep elf demonologists
  14 deep elf annihilators
  18 lorocyprocas
  10 green draconians
  19 vampire knights
  7 black draconians
  6 eleionomae
  15 dire elephants
  11 purple draconians
  Azrael (D:15)
  14 white draconians
  8 yellow draconians
  12 demonspawn black suns
  12 spark wasps
  19 red draconians
  Snorg (D:12)
  A minotaur (Gauntlet)
  3 bunyips
  The ghost of Takou the Cleaver, a journeyman AtFi of Makhleb (Lair:2)
  11 fire dragons
  A crystal guardian (Vaults:4)
  19 ettins
  14 blizzard demons
  20 eidola
  An iron golem (Zig:8)
  26 green deaths
  A merfolk javelineer (D:13)
  25 yaktaur captains
  The ghost of Pimp the Fighter, a journeyman DsGl of Okawaru (D:13)
  8 deep elf death magi
  A quicksilver dragon zombie (Abyss:2)
  The ghost of Wokir the Slicer, a journeyman DsEn of Nemelex Xobeh (Lair:2)
  A mummy priest (Zig:5)
  A fire dragon (shapeshifter) (Vaults:5)
  2 merfolk impalers (D:13)
  8 entropy weavers
  10 jiangshi
  A shambling mangrove (Zig:18)
  4 deep elf high priests
  26 hydras
  The ghost of Zumudolu the Cleaver, a journeyman MiFi of Yredelemnul (Lair:2)
  2 spriggan zombies (Crypt:3)
  13 rakshasas
  41 vault guards
  11 great orbs of eyes
  4 hell beasts
  7 ice dragons
  7 ghost crabs
  7 salamander tyrants
  8 spriggan air magi
  A jorogumo (Zig:14)
  20 anacondas
  An anaconda (shapeshifter) (Zig:24)
  4 catoblepae
  3 ogre magi
  3 death knights
  12 centaur warriors
  2 peacekeepers
  4 radroaches
  A satyr (shapeshifter) (Zig:24)
  8 two-headed ogres
  An alligator (shapeshifter) (Zig:24)
  24 dancing weapons
  6 boulder beetles
  6 deep troll earth magi
  8 tengu warriors
  12 alligators
  8 ironbound frosthearts
  A two-headed ogre (shapeshifter) (Vaults:5)
  21 naga warriors
  22 orc high priests
  4 death yaks (Lair:5)
  4 deep troll shamans
  5 hell hogs
  3 titan zombies (Crypt:3)
  14 vampire magi
  20 naga sharpshooters
  11 shock serpents
  8 spriggan berserkers
  17 thrashing horrors
  91 sun demons
  13 hell knights
  52 soul eaters
  12 wretched stars
  18 deep elf knights
  A skyshark (shapeshifter) (Vaults:5)
  A cherub (Pan)
  33 skeletal warriors
  13 iron trolls
  A storm dragon skeleton (Pan)
  12 shadow wraiths
  3 pharaoh ants (Zig:17)
  8 goliath frogs
  5 spriggan druids
  43 sixfirhies
  A skyshark (Lair:3)
  A bunyip skeleton (Pan)
  57 deep trolls
  2 deep trolls (shapeshifter)
  3 spatial maelstroms
  10 orb spiders
  6 death drakes
  An anaconda zombie (Hell)
  4 salamander mystics
  10 shadow demons
  19 swamp dragons
  An orb spider (shapeshifter) (Zig:24)
  11 deep elf archers
  An obsidian statue (IceCv)
  Pikel (D:6)
  6 lindwurms
  12 flayed ghosts
  An orange crystal statue (IceCv)
  3 spriggan simulacra (IceCv)
  8 naga ritualists
  10 glowing orange brains
  10 wizards
  An iron giant zombie (Crypt:2)
  10 bog bodies
  2 steelbarb worms (Zig:17)
  22 ironbound convokers
  A swamp dragon (shapeshifter) (Zig:24)
  40 deep elf zephyrmancers
  29 phantasmal warriors
  2 iron dragon zombies
  10 orc knights
  A harpy (Vaults:2)
  7 mana vipers
  7 necromancers
  30 deep elf pyromancers
  A sphinx skeleton (Crypt:1)
  A shining eye (shapeshifter) (Vaults:5)
  6 shining eyes
  2 anaconda skeletons (Pan)
  A manticore (shapeshifter) (Vaults:5)
  25 orc sorcerers
  11 cyclopes
  3 manticores
  20 salamanders
  11 will-o-the-wisps
  29 moths of wrath
  A cyclops (shapeshifter) (Vaults:5)
  A salamander (shapeshifter) (Abyss:2)
  7 wolf spiders
  A shadow dragon skeleton (Pan)
  5 worldbinders
  An iron dragon skeleton (Crypt:1)
  48 ugly things
  Maurice (Orc:1)
  28 vault sentinels
  5 eyes of devastation
  9 rust devils
  148 slime creatures
  15 guardian serpents
  5 elephants
  25 demonic crawlers
  An ice statue (Hell)
  2 centaur zombies (Crypt:3)
  30 naga magi
  28 black mambas
  3 apocalypse crabs
  5 molten gargoyles (Hell)
  64 smoke demons
  2 torpor snails (Zig:17)
  5 cane toads
  A sea snake zombie (Hell)
  A minotaur zombie (Gauntlet)
  A centaur skeleton (Pan)
  An alligator snapping turtle zombie (Crypt:3)
  Maggie (D:8)
  25 orange demons
  4 gargoyles
  2 unseen horrors
  11 hellions
  A dire elephant skeleton (Crypt:2)
  17 freezing wraiths
  10 efreet
  4 rime drakes
  6 komodo dragons
  4 kobold demonologists
  A golden dragon simulacrum (IceCv)
  62 yaktaurs
  A catoblepas skeleton (Pan)
  An anaconda simulacrum (IceCv)
  18 ice devils
  6 guardian mummies
  16 ancient zymes
  4 harpy zombies
  4 tengu conjurers
  3 meliai (D:14)
  3 hydra zombies
  2 bloated husks (Swamp:1)
  3 tormentors
  19 hellwings
  A mana viper skeleton (Crypt:2)
  A queen bee (D:14)
  2 red devils (Pan)
  A polar bear (shapeshifter) (Zig:24)
  3 polar bears
  A merfolk (shapeshifter) (Vaults:5)
  13 trolls
  3 hydra skeletons
  3 tarantellas
  18 wind drakes
  14 hornets
  24 raiju
  A wind drake (shapeshifter) (Depths:2)
  A meliai zombie (Crypt:1)
  8 tyrant leeches
  19 blink frogs
  An alligator zombie (Hell)
  11 dream sheep (Lair:3)
  2 ettin zombies
  4 jumping spiders
  2 flying skulls
  A slime creature (shapeshifter) (Depths:2)
  A spectral black mamba (Lair:2)
  4 wyverns
  4 culicivoras
  35 ynoxinuls
  10 spriggans
  5 air elementals
  2 shadows
  21 wraiths
  2 dire elephant simulacra
  A vampire (D:10)
  3 basilisks
  7 hogs (Lair:3)
  A human (D:10)
  70 starcursed masses
  9 water elementals
  8 golden eyes
  36 chaos spawn
  5 fire elementals
  7 redbacks
  4 steam dragons
  2 vampire mosquitoes (Swamp:1)
  3 minotaur simulacra (IceCv)
  60 yaks
  45 neqoxecs
  The ghost of bobo the Magician, an amateur DsHW (D:3)
  A sea snake simulacrum (Hell)
  A glowing shapeshifter zombie (Crypt:1)
  2 harpy simulacra
  2 spectral cane toads (Lair:2)
  14 swamp worms
  23 wargs
  61 nagas
  A deep troll zombie (Crypt:3)
  A hydra simulacrum (IceCv)
  3 acid dragons
  11 water moccasins
  87 large abominations
  2 floating eyes
  Duvessa (D:6)
  3 sky beasts
  7 swamp drakes
  11 hell hounds
  94 orc warriors
  A black bear (shapeshifter) (Abyss:3)
  3 ice beasts
  An alligator simulacrum (IceCv)
  4 boggarts (D:15)
  A spectral rime drake (Lair:2)
  42 ogres
  21 centaurs
  6 wolves
  4 kobold brigands
  A rime drake skeleton (Crypt:1)
  11 bullfrogs
  6 necrophages (Crypt:1)
  3 gnoll sergeants
  11 earth elementals
  3 deep troll simulacra (IceCv)
  2 scorpions
  10 wights
  Dowan (D:6)
  A queen bee zombie (Crypt:3)
  2 lindwurm simulacra (IceCv)
  30 killer bees
  2 polar bear zombies (Crypt:2)
  A warg zombie (Crypt:3)
  5 electric eels
  2 spriggan skeletons
  8 howler monkeys
  A crimson imp (Abyss:1)
  10 jellies
  19 orc priests
  4 quasits
  A bullfrog skeleton (Crypt:2)
  6 hounds
  An iron imp (Abyss:1)
  A human skeleton (Crypt:2)
  Terence (D:2)
  2 sleepcaps
  22 orc wizards
  5 iguanas
  8 small abominations
  A naga zombie (Crypt:1)
  4 mummies
  Robin (D:4)
  10 gnolls
  11 adders
  3 shadow imps
  2 white imps
  An ufetubus (Abyss:1)
  A lava snake skeleton (Crypt:3)
  2 dart slugs
  70 orcs
  10 ball pythons
  6 bats
  3 endoplasms
  5 giant cockroaches
  19 goblins
  7 hobgoblins
  4 quokkas
  2 ball python skeletons
  A frilled lizard (D:1)
  A hobgoblin skeleton (Crypt:2)
  A jackal skeleton (D:10)
  A jackal zombie (D:10)
  15 kobolds
  A kobold skeleton (D:10)
  An orc skeleton (Crypt:1)
  2 orc zombies (Crypt:3)
  A quokka zombie (Crypt:3)
  4 rats
  A block of ice (Zig:20)
  5 briar patches (Swamp:4)
  15 fire vortices
  4 lurking horrors
  13 starspawn tentacles
4266 creatures vanquished.

Vanquished Creatures (collateral kills)
  The ghost of Pohawk the Severer, an adept MiGl of the Shining One (Zig:20)
  2 Hell Sentinels
  Rupert (Lair:5)
  An Ice Fiend (IceCv)
  A tentacled monstrosity (Zig:21)
  2 acid blobs (Slime:5)
  An azure jelly (Slime:5)
  A reaper (Pan)
  A very ugly thing (Pan)
  A white draconian (Zot:5)
  2 iron golems (Zig:7)
  Fannar (Lair:2)
  A ghost crab (Gauntlet)
  A dancing weapon (Elf:1)
  A soul eater (Zig:2)
  A skyshark (Lair:1)
  A crystal echidna (Zig:7)
  A deep elf pyromancer (Elf:1)
  A cane toad (Lair:1)
  A freezing wraith (IceCv)
  3 slime creatures (Slime:5)
  An air elemental (Elf:1)
  A dire elephant simulacrum (IceCv)
  3 starcursed masses (Zig:21)
  A starspawn tentacle (Zig:21)
32 creatures vanquished.

Vanquished Creatures (others)
  The ghost of lmSkywalker the Warrior, an adept DrTm of Okawaru (Zig:20)
  An electric golem (Zot:5)
  A shadow dragon (Zig:20)
  A revenant (Zig:20)
  A deep elf death mage (Zig:20)
  A green death (Pan)
  A sun demon (Pan)
  A naga ritualist (Snake:2)
  A sixfirhy (Pan)
  2 large abominations (Pan)
  A tyrant leech (Swamp:4)
  2 vampire mosquitoes (Swamp:1)
  A naga (Lair:2)
  2 ball lightnings (Pan)
  A block of ice (Pan)
  23 demonic plants
  112 fire vortices
  60 foxfires
  23 fungi
  27 plants
  26 starspawn tentacles
289 creatures vanquished.

Grand Total: 4587 creatures vanquished

Table legend: (Time is in decaauts)
 A = Elapsed time spent in this place.
 B = Non-inter-level travel time spent in this place.
 C = Inter-level travel time spent in this place.
 D = Time resting spent in this place.
 E = Time spent auto-exploring this place.
 F = Levels seen in this place.
 G = Mean time per level.
                   A        B        C        D        E       F      G
               +--------+--------+--------+--------+--------+-----+--------+
         Total | 123102 | 115747 |   7355 |  21809 |  70240 | 111 | 1109.0 |
       Dungeon |  21699 |  18535 |   3164 |   2035 |  13331 |  15 | 1446.6 |
        Temple |     92 |     75 |     17 |      0 |     58 |   1 |   92.0 |
          Lair |   7824 |   7135 |    689 |   1004 |   4979 |   5 | 1564.8 |
         Swamp |   4318 |   4193 |    125 |    346 |   3202 |   4 | 1079.5 |
     Snake Pit |  10975 |  10674 |    301 |   2001 |   7180 |   4 | 2743.8 |
    Slime Pits |   4159 |   4038 |    121 |   1663 |   1551 |   5 |  831.8 |
  Orcish Mines |   1899 |   1795 |    104 |     88 |   1444 |   2 |  949.5 |
   Elven Halls |   7532 |   7072 |    460 |   2560 |   3394 |   3 | 2510.7 |
        Vaults |  11873 |  11127 |    746 |    874 |   8629 |   5 | 2374.6 |
         Crypt |   5061 |   4909 |    152 |    425 |   3374 |   3 | 1687.0 |
        Depths |  12870 |  11938 |    932 |   4203 |   5885 |   4 | 3217.5 |
          Hell |   1319 |   1300 |     19 |     17 |   1038 |   1 | 1319.0 |
           Zot |   7893 |   7373 |    520 |   1462 |   4678 |   5 | 1578.6 |
         Abyss |   2159 |   2159 |      0 |     64 |    598 |   8 |  269.9 |
   Pandemonium |  15135 |  15135 |      0 |   2736 |   7797 |  17 |  890.3 |
      Ziggurat |   5930 |   5930 |      0 |   1637 |   2029 |  27 |  219.6 |
      Ice Cave |   1075 |   1075 |      0 |     25 |    805 |   1 | 1075.0 |
      Gauntlet |   1280 |   1280 |      0 |    668 |    267 |   1 | 1280.0 |
               +--------+--------+--------+--------+--------+-----+--------+

Top non-repeatable levels by time:
Depths:3: 4332 daAuts
Depths:1: 4144 daAuts
 Snake:4: 3947 daAuts
   Elf:2: 3025 daAuts
 Snake:1: 2932 daAuts
    D:11: 2714 daAuts
Vaults:1: 2645 daAuts
   Elf:1: 2580 daAuts
   Zot:5: 2565 daAuts
Vaults:3: 2457 daAuts
    D:14: 2370 daAuts
Vaults:2: 2356 daAuts
 Snake:2: 2314 daAuts
Depths:4: 2303 daAuts
Vaults:5: 2297 daAuts

Table legend:
 A = Non-vault XP
 B = Vault XP
 C = Vault XP percentage of total XP
 D = Non-vault monster count
 E = Vault monster count
 F = Vault count percentage of total count
                 A         B        C        D         E       F
            +---------+---------+-------+---------+---------+-------
      Total | 1935456 | 1002437 |  34.1 |    3000 |    1241 |  29.3
            +---------+---------+-------+---------+---------+-------
        D:1 |      37 |       0 |   0.0 |      22 |       0 |   0.0
        D:2 |      98 |      36 |  26.9 |      23 |       1 |   4.2
        D:3 |      53 |     176 |  76.9 |       9 |       1 |  10.0
        D:4 |     292 |     170 |  36.8 |      14 |      17 |  54.8
        D:5 |     329 |       0 |   0.0 |      18 |       0 |   0.0
        D:6 |     804 |     917 |  53.3 |      14 |       3 |  17.6
        D:7 |     736 |       0 |   0.0 |      11 |       0 |   0.0
        D:8 |    2107 |    2296 |  52.1 |      30 |      14 |  31.8
        D:9 |    2252 |       0 |   0.0 |      23 |       0 |   0.0
       D:10 |    3547 |     413 |  10.4 |      25 |       8 |  24.2
       D:11 |    5849 |     110 |   1.8 |      29 |       1 |   3.3
       D:12 |    6897 |     984 |  12.5 |      13 |       1 |   7.1
       D:13 |    5688 |   13887 |  70.9 |      21 |      16 |  43.2
       D:14 |    5159 |    5244 |  50.4 |      10 |      35 |  77.8
       D:15 |    6710 |    4604 |  40.7 |      18 |      10 |  35.7
     Lair:1 |    3900 |       0 |   0.0 |      13 |       0 |   0.0
     Lair:2 |    2104 |    8486 |  80.1 |       7 |      19 |  73.1
     Lair:3 |    5942 |    2824 |  32.2 |      23 |       8 |  25.8
     Lair:4 |    7600 |       0 |   0.0 |      29 |       0 |   0.0
     Lair:5 |    8079 |   11660 |  59.1 |      23 |      28 |  54.9
    Swamp:1 |    7327 |    2427 |  24.9 |      17 |       1 |   5.6
    Swamp:2 |   10575 |       0 |   0.0 |      16 |       0 |   0.0
    Swamp:3 |   15721 |    1169 |   6.9 |      23 |       1 |   4.2
    Swamp:4 |   12358 |   17291 |  58.3 |      26 |      26 |  50.0
    Snake:1 |   13419 |   17224 |  56.2 |      26 |      28 |  51.9
    Snake:2 |   24206 |    5914 |  19.6 |      45 |       5 |  10.0
    Snake:3 |   16527 |       0 |   0.0 |      29 |       0 |   0.0
    Snake:4 |   27918 |   32277 |  53.6 |      64 |      49 |  43.4
    Slime:1 |   11070 |     979 |   8.1 |      28 |       4 |  12.5
    Slime:2 |   11360 |     231 |   2.0 |      27 |       1 |   3.6
    Slime:3 |   20663 |       0 |   0.0 |      38 |       0 |   0.0
    Slime:4 |    8763 |       0 |   0.0 |      20 |       0 |   0.0
    Slime:5 |   14380 |   21498 |  59.9 |      36 |      16 |  30.8
      Orc:1 |    2983 |     480 |  13.9 |      26 |       1 |   3.7
      Orc:2 |    2168 |    4767 |  68.7 |      26 |      39 |  60.0
      Elf:1 |   23267 |   12849 |  35.6 |      36 |      18 |  33.3
      Elf:2 |   19238 |   16415 |  46.0 |      32 |      30 |  48.4
      Elf:3 |   19968 |   35006 |  63.7 |      32 |      30 |  48.4
   Vaults:1 |   41592 |   29552 |  41.5 |      59 |      43 |  42.2
   Vaults:2 |   24800 |   29892 |  54.7 |      40 |      55 |  57.9
   Vaults:3 |   12576 |   45518 |  78.4 |      18 |      59 |  76.6
   Vaults:4 |   24917 |   10653 |  29.9 |      40 |      14 |  25.9
   Vaults:5 |   23334 |   89071 |  79.2 |      34 |      84 |  71.2
    Crypt:1 |   39616 |   11382 |  22.3 |      58 |      11 |  15.9
    Crypt:2 |   19267 |       0 |   0.0 |      26 |       0 |   0.0
    Crypt:3 |   25319 |   52100 |  67.3 |      39 |      78 |  66.7
   Depths:1 |   34993 |   16235 |  31.7 |      45 |      16 |  26.2
   Depths:2 |   25823 |   25463 |  49.6 |      29 |      29 |  50.0
   Depths:3 |   35841 |   36787 |  50.7 |      40 |      29 |  42.0
   Depths:4 |   30650 |   20637 |  40.2 |      35 |      23 |  39.7
       Hell |   19226 |   27443 |  58.8 |      24 |      44 |  64.7
      Zot:1 |   28860 |   18246 |  38.7 |      23 |      14 |  37.8
      Zot:2 |   23760 |       0 |   0.0 |      21 |       0 |   0.0
      Zot:3 |   42898 |       0 |   0.0 |      33 |       0 |   0.0
      Zot:4 |   25327 |    8805 |  25.8 |      22 |       7 |  24.1
      Zot:5 |   36291 |  115103 |  76.0 |      29 |      46 |  61.3
    Abyss:1 |   25579 |       0 |   0.0 |      62 |       0 |   0.0
    Abyss:2 |   21569 |       0 |   0.0 |      51 |       0 |   0.0
    Abyss:3 |   14894 |   10241 |  40.7 |      27 |      13 |  32.5
    Abyss:4 |    6585 |    2104 |  24.2 |      15 |       4 |  21.1
        Pan |  393111 |  217116 |  35.6 |     541 |     221 |  29.0
      Zig:1 |    3711 |       0 |   0.0 |       2 |       0 |   0.0
      Zig:2 |    2502 |       0 |   0.0 |       3 |       0 |   0.0
      Zig:3 |    4038 |       0 |   0.0 |       3 |       0 |   0.0
      Zig:4 |    3952 |       0 |   0.0 |       7 |       0 |   0.0
      Zig:5 |    5702 |       0 |   0.0 |       9 |       0 |   0.0
      Zig:6 |    8825 |       0 |   0.0 |       7 |       0 |   0.0
      Zig:7 |   10435 |       0 |   0.0 |       7 |       0 |   0.0
      Zig:8 |   10001 |       0 |   0.0 |      11 |       0 |   0.0
      Zig:9 |   11523 |       0 |   0.0 |      20 |       0 |   0.0
     Zig:10 |   13266 |       0 |   0.0 |      12 |       0 |   0.0
     Zig:11 |   17966 |       0 |   0.0 |      20 |       0 |   0.0
     Zig:12 |   15565 |       0 |   0.0 |      25 |       0 |   0.0
     Zig:13 |   21003 |       0 |   0.0 |      19 |       0 |   0.0
     Zig:14 |   20362 |       0 |   0.0 |      32 |       0 |   0.0
     Zig:15 |   22407 |       0 |   0.0 |      43 |       0 |   0.0
     Zig:16 |   27551 |       0 |   0.0 |      47 |       0 |   0.0
     Zig:17 |   29893 |       0 |   0.0 |      42 |       0 |   0.0
     Zig:18 |   36596 |       0 |   0.0 |      46 |       0 |   0.0
     Zig:19 |   39133 |       0 |   0.0 |      66 |       0 |   0.0
     Zig:20 |   38755 |       0 |   0.0 |      26 |       0 |   0.0
     Zig:21 |   42635 |       0 |   0.0 |      69 |       0 |   0.0
     Zig:22 |   18471 |       0 |   0.0 |      17 |       0 |   0.0
     Zig:23 |   59525 |       0 |   0.0 |      71 |       0 |   0.0
     Zig:24 |   78790 |       0 |   0.0 |      49 |       0 |   0.0
     Zig:25 |   60708 |       0 |   0.0 |      99 |       0 |   0.0
     Zig:26 |   17242 |       0 |   0.0 |       7 |       0 |   0.0
     Zig:27 |    7977 |    1648 |  17.1 |       8 |       2 |  20.0
      IceCv |       0 |   11426 | 100.0 |       0 |      31 | 100.0
   Gauntlet |       0 |    2681 | 100.0 |       0 |       7 | 100.0
            +---------+---------+-------+---------+---------+-------
